 Dungeon Crawl Stone Soup version 0.24.1-14-gf8d2b509d9 (webtiles) character file.

Game seed: 7146649238118087538, levelgen mode: deterministic

9625816 Bowmetheus the Sniper (level 27, 271/271 HPs)
             Began as a Centaur Hunter on Feb 23, 2024.
             Was the Champion of the Shining One.
             Escaped with the Orb
             ... and 15 runes on Mar 11, 2024!
             The game lasted 18:25:37 (177834 turns).

Bowmetheus the Sniper (Centaur Hunter)            Turns: 177834, Time: 18:25:37

Health: 271/271    AC: 59    Str: 31    XL:     27
Magic:  41/41      EV: 16    Int: 26    God:    the Shining One [******]
Gold:   7528       SH:  4    Dex: 13    Spells: 21/55 levels left

rFire    + + .     SeeInvis +   a - +9 heavy crossbow "Sniper" {velocity, Acc+∞ SInv}
rCold    + . .     Gourm    .   (shield currently unavailable)
rNeg     + + +     Faith    +   c - +8 orange crystal plate armour {Archmagi, Int+3 Clar}
rPois    .         Spirit   .   h - +2 hat {MR+}
rElec    +         Reflect  .   v - +4 dragonskin cloak
rCorr    .         Harm     .   g - +1 pair of gloves "Kekhytiss" {Int+3}
MR       +++++     Clarity  +   B - +4 centaur barding {rF+}
Stlth    ..........             J - amulet "Jesaez" {Faith Str+7}
HPRegen  0.55/turn              O - ring "Woobitsoe" {rElec rC+ EV+4 Int+4}
MPRegen  0.27/turn              M - ring of the Mage {Wiz MR++ Int+3}

@: very quick
A: large, antennae 1, hooves 3, large bone plates 1, slimy green scales 1,
clever 1, deformed body, speed 2, shaggy fur 1, tough skin 3
0: Orb of Zot
}: 15/15 runes: serpentine, barnacled, slimy, silver, golden, iron, obsidian,
icy, bone, abyssal, demonic, glowing, magical, fiery, dark
a: Divine Shield, Cleansing Flame, Summon Divine Warrior, Renounce Religion


You escaped.
You worshipped the Shining One.
The Shining One was exalted by your worship.
You were not hungry.

You visited 18 branches of the dungeon, and saw 89 of its levels.
You visited Pandemonium 5 times, and saw 17 of its levels.
You visited the Abyss 8 times.
You also visited: Trove and Desolation.

You collected 20354 gold pieces.
You spent 9505 gold pieces at shops.
You donated 3321 gold pieces to Zin.

Inventory:

Hand Weapons
 a - the +9 heavy crossbow "Sniper" (weapon) {velocity, Acc+∞ SInv}
   (Okawaru gifted it to you on level 4 of the Snake Pit)

   Any bolt fired from it inflicts extra damage.
   It lets you see invisible.
 b - a +7 executioner's axe of holy wrath
 f - the +9 arbalest of the Mosquito {penet, rF+ Stlth+}
   (You found it in the Desolation of Salt)

   Ammo fired by it will pass through the targets it hits, potentially hitting
   all targets in its path until it reaches maximum range.
   It protects you from fire.
   It makes you more stealthy.
 r - a +9 triple crossbow of holy wrath
 w - a +1 executioner's axe of flaming
Missiles
 j - 1419 bolts (quivered)
 n - 43 throwing nets
 o - 11 curare-tipped darts
Armour
 c - the +8 orange crystal plate armour (worn) {Archmagi, Int+3 Clar}
   (You found it on level 2 of the Depths)

   It affects your intelligence (+3).
   It protects you against confusion.
 g - the +1 pair of gloves "Kekhytiss" (worn) {Int+3}
   (You found it on level 3 of the Elven Halls)

   It affects your intelligence (+3).
 h - a +2 hat of magic resistance (worn)
 v - the +4 dragonskin cloak (worn)
   (You took it off Tiamat on level 1 of the Realm of Zot)
 B - a +4 centaur barding of fire resistance (worn)
 C - +12 gold dragon scales
Jewellery
 J - the amulet "Jesaez" (around neck) {Faith Str+7}
   (You bought it in a shop on level 1 of the Snake Pit)

   [amulet of faith]

   It allows you to gain divine favour quickly.
   It affects your strength (+7).
 M - the ring of the Mage (right hand) {Wiz MR++ Int+3}
   (You bought it in a shop on level 1 of the Snake Pit)

   [ring of wizardry]

   It improves your spell success rate.
   It affects your intelligence (+3).
   It affects your resistance to hostile enchantments.
 O - the ring "Woobitsoe" (left hand) {rElec rC+ EV+4 Int+4}
   (You found it on level 7 of Gehenna)

   [ring of evasion]

   It affects your evasion (+4).
   It affects your intelligence (+4).
   It protects you from cold.
   It insulates you from electricity.
Wands
 d - a wand of digging (7)
 p - a wand of acid (39)
 q - a wand of paralysis (94)
 P - a wand of enslavement (45)
 R - a wand of iceblast (20)
 V - a wand of flame (44)
Scrolls
 e - 13 scrolls of fear
 G - 9 scrolls of fog
 Q - 5 scrolls of holy word
 T - 11 scrolls of teleportation
 U - 30 scrolls of remove curse
 W - 4 scrolls of noise
 X - 5 scrolls of magic mapping
 Y - a scroll of summoning
 Z - 10 scrolls of blinking
Potions
 i - 15 potions of brilliance
 k - 3 potions of berserk rage
 m - 4 potions of magic
 s - 8 potions of ambrosia
 t - 9 potions of might
 u - 19 potions of curing
 y - 10 potions of agility
 z - 8 potions of haste
 A - 5 potions of mutation
 D - 23 potions of lignification
 E - 3 potions of resistance
 F - 10 potions of flight
 H - 8 potions of heal wounds
 K - 3 potions of cancellation
Miscellaneous
 l - 7 boxes of beasts
 I - a lamp of fire
 L - a figurine of a ziggurat
 N - a lightning rod (4/4)
 S - a phial of floods
Comestibles
 x - 84 rations


   Skills:
 - Level 26.8 Fighting
 - Level 26.8 Axes
 - Level 26.9 Crossbows
 * Level 23.3 Armour
 * Level 19.6 Dodging
 - Level 0.4 Stealth
 + Level 14.9 Spellcasting
 + Level 11.5 Hexes
 - Level 14.2 Summonings
 - Level 7.7 Translocations
 - Level 10.0 Air Magic
 - Level 26.9 Invocations
 - Level 8.0 Evocations


You had 21 spell levels left.
You knew the following spells:

 Your Spells              Type           Power        Failure   Level  Hunger
a - Apportation           Tloc           ######       1%          1    None
b - Blink                 Tloc           N/A          1%          2    None
c - Corona                Hex            #######      1%          1    None
d - Summon Lightning Spi  Summ/Air       #######.     1%          4    None
e - Cause Fear            Hex            #######...   1%          4    None
f - Portal Projectile     Hex/Tloc       ######       1%          3    None
g - Summon Butterflies    Summ           #######.     1%          1    None
q - Confuse               Hex            #######.     1%          3    None
v - Summon Mana Viper     Hex/Summ       #######.     1%          5    #......
w - Slow                  Hex            #######.     1%          2    None
C - Inner Flame           Hex/Fire       ######..     2%          3    None
T - Tukima's Dance        Hex            #######.     1%          3    None
V - Shroud of Golubria    Chrm/Tloc      ######       2%          2    None

Your spell library contained the following spells:

 Spells                   Type           Power        Failure   Level  Hunger
 Confusing Touch          Hex            ######       1%          1    None
 Summon Small Mammal      Summ           ####         1%          1    None
 Call Imp                 Summ           #######.     1%          2    None
 Ensorcelled Hibernation  Hex/Ice        ######       1%          2    None
 Poisonous Vapours        Pois/Air       ######       1%          2    None
 Swiftness                Chrm/Air       ######..     1%          2    None
 Call Canine Familiar     Summ           #######.     1%          3    None
 Gell's Gravitas          Tloc           ######....   1%          3    None
 Lesser Beckoning         Tloc           ######....   1%          3    None
 Recall                   Summ/Tloc      N/A          1%          3    None
 Summon Guardian Golem    Hex/Summ       #######.     1%          3    None
 Teleport Other           Tloc           ######..     1%          3    None
 Airstrike                Air            #######...   1%          4    None
 Aura of Abjuration       Summ           #######...   1%          5    #......
 Summon Demon             Summ           #######...   1%          5    #......
 Dazzling Spray           Conj/Hex       ######       2%          3    None
 Silence                  Hex/Air        #######...   2%          5    #......
 Summon Forest            Summ/Tloc      #######...   2%          5    #......
 Static Discharge         Conj/Air       ######..     3%          3    None
 Shadow Creatures         Summ           N/A          3%          6    ####...
 Summon Ice Beast         Ice/Summ       ######..     4%          4    None
 Mephitic Cloud           Conj/Pois/Air  ######..     6%          3    None
 Fulminant Prism          Conj/Hex       ######....   8%          4    None
 Leda's Liquefaction      Hex/Erth       ######....   8%          4    None
 Animate Skeleton         Necr           N/A          9%          1    None
 Beastly Appendage        Tmut           ####..       9%          1    None
 Flame Tongue             Conj/Fire      ####.        9%          1    None
 Freeze                   Ice            ####         9%          1    None
 Magic Dart               Conj           ####         9%          1    None
 Pain                     Necr           ####         9%          1    None
 Sandblast                Erth           ####..       9%          1    None
 Darkness                 Hex            #######...   11%         6    ####...
 Invisibility             Hex            #######.     11%         6    ####...
 Corpse Rot               Necr           N/A          12%         2    None
 Passwall                 Tmut/Erth      ####....     12%         2    None
 Searing Ray              Conj           ####..       12%         2    None
 Sticks to Snakes         Tmut           ####....     12%         2    None
 Sublimation of Blood     Necr           ####......   12%         2    None
 Throw Frost              Conj/Ice       ####..       12%         2    None
 Force Lance              Conj/Tloc      ######..     16%         4    None
 Monstrous Menagerie      Summ           #######...   19%         7    ######.
 Summon Greater Demon     Summ           #######...   19%         7    ######.
 Summon Hydra             Summ           #######...   19%         7    ######.
 Metabolic Englaciation   Hex/Ice        ######....   21%         5    #......
 Yara's Violent Unravell  Hex/Tmut       ######....   21%         5    #......
 Conjure Flame            Conj/Fire      ####....     24%         3    None
 Ignite Poison            Fire/Tmut/Pois ####....     24%         3    None
 Ozocubu's Armour         Chrm/Ice       ####....     24%         3    None
 Regeneration             Chrm/Necr      ####......   24%         3    None
 Spider Form              Tmut/Pois      ####......   24%         3    None
 Stone Arrow              Conj/Erth      ####..       24%         3    None
 Lightning Bolt           Conj/Air       ######....   26%         5    #......
 Malign Gateway           Summ/Tloc      #######...   56%         7    ######.
 Animate Dead             Necr           N/A          58%         4    None
 Ice Form                 Ice/Tmut       ####....     58%         4    None
 Iskenderun's Mystic Bla  Conj           ####....     58%         4    None
 Olgreb's Toxic Radiance  Pois           ####....     58%         4    None
 Petrify                  Tmut/Erth      ####....     58%         4    None
 Sticky Flame             Conj/Fire      ####....     58%         4    None
 Throw Icicle             Conj/Ice       ####....     58%         4    None
 Conjure Ball Lightning   Conj/Air       ######....   80%         6    ####...
 Deflect Missiles         Chrm/Air       ######....   80%         6    ####...
 Summon Horrible Things   Summ           #######...   80%         8    #######
 Alistair's Intoxication  Tmut/Pois      ####....     89%         5    #......
 Blade Hands              Tmut           ####......   89%         5    #......
 Bolt of Draining         Conj/Necr      ####......   89%         5    #......
 Bolt of Magma            Conj/Fire/Erth ####......   89%         5    #......
 Borgnjor's Vile Clutch   Necr/Erth      ####......   89%         5    #......
 Dispel Undead            Necr           ####....     89%         5    #......
 Fireball                 Conj/Fire      ####......   89%         5    #......
 Irradiate                Conj/Tmut      ####......   89%         5    #......
 Iskenderun's Battlesphe  Conj/Chrm      ####....     89%         5    #......
 Lee's Rapid Deconstruct  Erth           ####......   89%         5    #......
 Venom Bolt               Conj/Pois      ####......   89%         5    #......
 Freezing Cloud           Conj/Ice/Air   ######....   95%         6    ####...
 Haunt                    Necr/Summ      ######....   96%         7    ######.
 Spellforged Servitor     Conj/Summ      ######....   96%         7    ######.
 Discord                  Hex            #######...   98%         8    #######
 Bolt of Cold             Conj/Ice       ####......   100%        6    ####...
 Bolt of Fire             Conj/Fire      ####......   100%        6    ####...
 Death Channel            Necr           ####......   100%        6    ####...
 Hydra Form               Tmut           ####......   100%        6    ####...
 Iron Shot                Conj/Erth      ####......   100%        6    ####...
 Ozocubu's Refrigeration  Ice            ####......   100%        6    ####...
 Simulacrum               Ice/Necr       ####......   100%        6    ####...
 Statue Form              Tmut/Erth      ####.....    100%        6    ####...
 Dragon Form              Tmut           ####......   100%        7    ######.
 Orb of Destruction       Conj           ####......   100%        7    ######.
 Ring of Flames           Chrm/Fire      ####......   100%        7    ######.
 Borgnjor's Revivificati  Necr           ####......   100%        8    #######
 Death's Door             Chrm/Necr      ####......   100%        8    #######
 Ignition                 Fire           ####......   100%        8    #######
 Infestation              Necr           ####......   100%        8    #######
 Necromutation            Tmut/Necr      ####......   100%        8    #######
 Dragon's Call            Summ           #######...   100%        9    #######
 Shatter                  Erth           ####......   100%        9    #######
 Tornado                  Air            #######...   100%        9    #######
 Passage of Golubria      Tloc           Unusable     N/A         4    N/A

Dungeon Overview and Level Annotations

Branches:
Dungeon (15/15)            Temple (1/1) D:6            Lair (6/6) D:8
 Shoals (4/4) Lair:2        Snake (4/4) Lair:4        Slime (5/5) Lair:5
    Orc (2/2) D:9             Elf (3/3) Orc:2        Vaults (5/5) D:13
  Crypt (3/3) Vaults:2       Tomb (3/3) Crypt:3      Depths (5/5) D:15
   Hell (visited)             Dis (7/7) Hell            Geh (7/7) Hell
    Coc (7/7) Hell            Tar (7/7) Hell            Zot (5/5) Depths:5
Desolation (visited)

Altars:
Ashenzari
Cheibriados
Dithmenos
Elyvilon
Fedhas
Gozag
Hepliaklqana
Kikubaaqudgha
Makhleb
Nemelex Xobeh
Okawaru
Qazlal
Ru
Sif Muna
Trog
Uskayaw
Vehumet
Wu Jian
Xom
Yredelemnul
Zin
The Shining One
Beogh
Jiyva
Lugonu

Shops:
D:4 *   D:8 ([![(   D:9 (   D:14 *   Orc:2 :[}=   Elf:3 %   Shoals:2 [:
Shoals:3 %(   Shoals:4 }%*=   Snake:1 [}}=   Vaults:5 }=   Depths:2 *

Portals:
Hell: Depths:1 Depths:2 Depths:3 Depths:4 Depths:5
Abyss: Depths:1 Depths:2 Depths:3 Depths:4 Depths:5
Pandemonium: Depths:2 Depths:3
Ziggurat: Depths:1


Innate Abilities, Weirdness & Mutations

You have hooves in place of feet.
Armour fits poorly on your strangely shaped body.
You cover ground very quickly.
You have extremely tough skin. (AC +3)
You have a pair of small antennae on your head.
You are partially covered in large bone plates. (SH +4)
You are partially covered in slimy green scales. (AC +2)
Your mind is acute. (Int +2)
You are covered in fur. (AC +1)


Message History

Unknown command.
Enter note: SPEAKERS STATIC NOISE AND HERB SLOWING SERVER TIME RECENTLY
Enter note:
Enter note:
Okay, then.
You start removing your armour.
You continue taking off your +12 gold dragon scales. x4
You finish taking off your +12 gold dragon scales.
You start putting on your armour.
You continue putting on the +8 orange crystal plate armour {Archmagi, Int+3 Clar}. x5
You finish putting on the +8 orange crystal plate armour {Archmagi, Int+3 Clar}.
You feel powerful.
You feel clever.
Enter note: OKRA GIFTS SLOW AND NO BARDING AS FAR AS LAIR RUNES THEN OKRA GIFTS SNIPER IN SNAKE 4
Enter note: GREAT RUN AND GOOD TO WIN AGAIN!!! :D The neqoxec shouts!
The lich shouts!
You have escaped!

##.###
#.#.#........).........#
##...#
#.#.#.#.###########.##.#
####.# #.#.....# #.##.#
# #.# #.###.### #.##.#
####.###.# #.#########
#.##.# .........#
#.........# #.#..#
####.##### #..}.3&}..#
#....## #.# #...###L..#
#..#..# #.# ##...+@#A..#
##....# ##.##
#....###...# ##.#.#
##...## #...}...}..#
#.#.# ##.#.#.##
#..........# #.#.#
#.##.##.#####....##..#
#.#.# .###......#
#...###.## #.#.#
#.#####.#.# ##.####.#
#.#.# ##.###.##.#
#......# #.#.#
##.#.###.#########.#
#.#.#


You could see Reys, a profane servitor, a lich and a neqoxec.

Vanquished Creatures
  Cerebov (Pan)
  Antaeus (Coc:7)
  the Royal Jelly (Slime:5)
  Lom Lobon (Pan)
  Gloorx Vloq (Pan)
  A seraph (Pan)
  Mnoleg (Pan)
  Tiamat (Zot:1)
  19 ancient liches
  2 orbs of fire (Zot:5)
  2 juggernauts
  30 greater mummies
  Bai Suzhen (Shoals:4)
  6 shard shrikes
  Saint Roka (Vaults:4)
  4 Killer Klowns (Zot:5)
  Vashnia (Snake:2)
  Xtahua (Vaults:5)
  A caustic shrike (Depths:4)
  Geryon (Hell)
  17 golden dragons
  7 curse toes
  A profane servitor (Abyss:4)
  11 bone dragons
  the Enchantress (Depths:4)
  2 pearl dragons (Pan)
  7 pandemonium lords (Pan)
  38 Tzitzimimeh
  22 Brimstone Fiends
  8 doom hounds
  28 Ice Fiends
  6 iron giants
  Jorgrun (D:14)
  3 electric golems
  16 Hell Sentinels
  23 tentacled monstrosities
  7 deep elf blademasters
  21 liches
  27 Orb Guardians
  5 quicksilver dragons
  22 titans
  Frances (Snake:2)
  6 deep elf master archers
  26 Executioners
  37 acid blobs
  7 death cobs
  15 tentacled starspawn
  5 eldritch tentacles
  Murray (Depths:1)
  24 ancient champions
  Gastronok (D:8)
  8 sphinxes
  Kirke (Elf:1)
  21 shadow dragons
  5 tengu reavers
  20 storm dragons
  13 daevas (Pan)
  4 draconian monks
  21 fire giants
  18 frost giants
  Donald (Shoals:3)
  9 deep elf sorcerers
  6 ghost moths
  7 nagarajas (Snake:4)
  3 revenants
  10 azure jellies
  7 ghouls
  An imperial myrmidon (Desolation)
  5 draconian scorchers
  An orc warlord (Orc:1)
  8 iron dragons
  6 warmongers (Pan)
  The ghost of tmcgee265 the Fighter, an adept KoHu of Fedhas (D:14)
  Aizul (Snake:2)
  A caustic shrike zombie (Depths:3)
  36 balrugs
  29 cacodemons
  8 draconian shifters
  17 vault wardens
  A juggernaut zombie (Crypt:2)
  2 curse skulls (Pan)
  11 ironheart preservers
  63 reapers
  2 draconian stormcallers
  7 draconian knights
  6 deep elf elementalists
  16 angels (Pan)
  15 draconian annihilators
  6 spriggan defenders
  32 stone giants
  12 green draconians
  3 war gargoyles
  3 elemental wellsprings (Coc:7)
  15 lorocyprocas
  15 ophanim (Pan)
  14 blood saints (Pan)
  4 deep elf demonologists
  An entropy weaver (Vaults:1)
  9 bennus
  39 very ugly things
  A dire elephant (shapeshifter) (Vaults:5)
  14 vampire knights
  22 apis (Pan)
  17 corrupters (Pan)
  7 spark wasps
  11 deep elf annihilators
  16 white draconians
  21 yellow draconians
  11 black suns
  13 black draconians
  A minotaur (Depths:4)
  2 halazid warlocks (Desolation)
  10 purple draconians
  7 eidola
  13 red draconians
  5 deep elf death magi
  6 merfolk javelineers
  16 mummy priests
  13 ettins
  22 blizzard demons
  5 death oozes
  11 jiangshi
  2 quicksilver dragon zombies (Dis:7)
  An ettin (shapeshifter) (Depths:3)
  9 merfolk impalers
  17 green deaths (Pan)
  12 fire dragons
  8 ragged hierophants
  Erolcha (Orc:1)
  7 deep elf high priests
  19 ice dragons
  A kraken zombie (Coc:3)
  11 ogre magi
  34 vault guards
  14 yaktaur captains
  7 peacekeepers (Desolation)
  2 servants of whispers (Desolation)
  A hydra (shapeshifter) (Depths:3)
  6 rakshasas
  2 quicksilver dragon skeletons
  4 hydras
  Harold (Orc:1)
  10 monstrous demonspawn
  6 spriggan air magi
  8 great orbs of eyes
  3 hell beasts
  2 ghost crabs
  14 naga warriors
  5 death knights
  3 merfolk aquamancers
  17 centaur warriors
  15 anacondas
  2 satyrs
  Erica (Lair:1)
  35 two-headed ogres
  An alligator snapping turtle (Shoals:2)
  2 merfolk avatars
  A satyr (shapeshifter) (Vaults:5)
  4 death yaks
  25 dancing weapons
  29 hell hogs
  26 death scarabs (Tomb:1)
  8 vampire magi
  11 deep troll shamans
  5 deep troll earth magi
  10 tengu warriors
  An orc high priest (Elf:1)
  7 shock serpents
  A death yak (shapeshifter) (Depths:3)
  11 naga sharpshooters
  2 titan zombies
  14 thrashing horrors
  Nergalle (Orc:1)
  7 titan skeletons
  8 storm dragon zombies
  37 deep elf knights
  Urug (Orc:1)
  9 spriggans
  11 spriggan berserkers
  53 soul eaters
  54 hell knights
  36 shadow wraiths
  69 sun demons
  Sonja (Lair:1)
  12 sea snakes
  2 fire crabs (Shoals:2)
  18 sixfirhies
  7 wretched stars
  2 spatial maelstroms
  29 small abominations
  104 large abominations
  102 skeletal warriors
  20 deep trolls
  18 flayed ghosts
  17 iron trolls
  10 cherubim (Pan)
  11 glowing orange brains
  A glowing orange brain (shapeshifter) (Vaults:5)
  11 infernal demonspawn (Pan)
  9 wizards
  12 unseen horrors
  18 torturous demonspawn (Pan)
  A death drake (Zot:3)
  26 shadow demons
  7 storm dragon skeletons
  A quicksilver dragon simulacrum (Crypt:3)
  A kraken simulacrum (Shoals:4)
  5 golden dragon zombies
  13 anaconda zombies
  10 gelid demonspawn (Pan)
  5 golden dragon skeletons
  12 naga ritualists
  41 starcursed masses
  14 deep elf archers
  4 shadow dragon zombies
  22 ironbrand convokers
  15 harpies
  9 anaconda skeletons
  4 iron dragon zombies
  17 phantasmal warriors
  9 fire giant zombies
  21 ugly things
  5 oklob plants
  19 necromancers
  11 orc knights
  A glowing shapeshifter (Depths:4)
  8 frost giant zombies
  3 wolf spider zombies
  An orc sorcerer (Vaults:1)
  81 deep elf magi
  14 mana vipers
  20 moths of wrath
  8 salamanders
  6 stone giant zombies
  8 shining eyes
  6 wolf spiders
  A shining eye (shapeshifter) (Depths:3)
  2 iron dragon skeletons
  A moth of wrath (shapeshifter) (Vaults:2)
  8 manticores
  4 shadow dragon skeletons
  2 worldbinders
  12 cyclopes
  2 shock serpent zombies
  10 fauns
  Maurice (D:8)
  9 guardian serpents
  21 rust devils
  5 elephants (Lair:6)
  39 black mambas
  6 frost giant skeletons
  18 merfolk sirens
  7 stone giant skeletons
  A guardian serpent (shapeshifter) (Depths:4)
  Joseph (D:7)
  3 water nymphs
  5 dire elephant zombies
  A gargoyle (D:15)
  4 centaur zombies
  30 naga magi
  A titan simulacrum (Crypt:3)
  52 smoke demons
  4 fire giant skeletons
  13 apocalypse crabs
  12 vault sentinels
  19 molten gargoyles
  A dire elephant skeleton (Coc:5)
  2 storm dragon simulacra (Coc:7)
  A yaktaur zombie (D:15)
  20 orange demons
  3 eyes of devastation
  19 spiny frogs
  A green draconian zombie (Crypt:2)
  A catoblepas zombie (Geh:1)
  5 spectral swamp worms (Depths:5)
  An iron troll zombie (Crypt:2)
  6 komodo dragons
  59 yaktaurs
  A sea snake zombie (Crypt:1)
  A minotaur zombie (Geh:3)
  36 hellions
  A komodo dragon (shapeshifter) (Depths:2)
  29 freezing wraiths
  A rime drake (Lair:4)
  37 tormentors
  An alligator snapping turtle skeleton (Crypt:3)
  11 demonic crawlers (Pan)
  An emperor scorpion zombie (Coc:7)
  7 efreet
  3 harpy zombies
  A catoblepas skeleton (Pan)
  2 silent spectres
  18 ice devils
  9 ancient zymes
  6 tengu conjurers
  A ghost moth simulacrum (Abyss:1)
  34 hellwings
  A merfolk (shapeshifter) (Depths:1)
  16 trolls
  47 red devils
  2 jumping spiders (Vaults:2)
  21 merfolk
  13 hydra zombies
  42 guardian mummies
  A death yak skeleton (Crypt:3)
  6 anaconda simulacra
  A troll (shapeshifter) (Depths:3)
  13 hornets
  2 queen bees
  7 hydra skeletons
  2 polar bears
  A meliai (shapeshifter) (Vaults:2)
  33 saltlings
  14 raiju
  3 fire dragon zombies
  A wind drake (shapeshifter) (Depths:2)
  20 wind drakes
  79 slime creatures
  6 ettin zombies
  A guardian serpent zombie (Crypt:1)
  6 alligator zombies
  3 harpy skeletons
  17 hippogriffs
  7 dream sheep (Shoals:1)
  20 blink frogs
  A bog body (Crypt:3)
  A stone giant simulacrum (Tomb:1)
  A frost giant simulacrum (Coc:7)
  10 snapping turtles
  5 ice dragon skeletons
  5 ice dragon zombies
  2 elf zombies
  3 redbacks
  4 air elementals (Elf:2)
  5 fire dragon skeletons
  A spriggan skeleton (D:15)
  2 black mamba zombies
  49 flying skulls
  44 ynoxinuls
  11 ushabtiu
  27 wraiths
  56 yaks
  5 vampires
  2 alligator skeletons
  2 ettin skeletons
  19 shadows
  2 fire bats (Geh:4)
  A golden eye (shapeshifter) (Abyss:5)
  29 fire elementals
  Eustachio (D:4)
  A basilisk (Lair:4)
  3 black mamba skeletons
  5 hogs (Elf:1)
  13 wyverns
  20 chaos spawn
  33 water elementals
  2 humans (shapeshifter)
  11 hungry ghosts
  8 golden eyes
  A basilisk (shapeshifter) (Vaults:5)
  2 yaktaur simulacra
  5 wargs
  15 neqoxecs
  A steam dragon (D:11)
  A glowing shapeshifter zombie (Crypt:3)
  2 harpy simulacra
  48 nagas
  An insubstantial wisp (Abyss:5)
  3 spatial vortices
  A monstrous demonspawn zombie (Crypt:3)
  2 acid dragons
  18 water moccasins
  5 hydra simulacra
  10 spiny frog zombies
  6 floating eyes
  56 hell hounds
  5 porcupines
  A water moccasin (shapeshifter) (Vaults:5)
  An infernal demonspawn skeleton (Crypt:3)
  A sky beast (shapeshifter) (Abyss:4)
  2 gelid demonspawn skeletons
  A monstrous demonspawn skeleton (Crypt:1)
  9 ice beasts
  A merfolk skeleton (Geh:4)
  4 spiny frog skeletons
  A manticore zombie (Coc:7)
  45 orc warriors
  7 snapping turtle zombies
  15 eyes of draining
  4 sky beasts
  A hornet zombie (Crypt:2)
  21 necrophages
  A black bear (D:9)
  5 phantoms
  18 boggarts
  A lindwurm zombie (Crypt:3)
  71 ogres
  An alligator simulacrum (Coc:7)
  34 wolves
  A boggart (shapeshifter) (Vaults:5)
  4 ice dragon simulacra
  30 centaurs
  2 manticore skeletons
  3 swamp dragon skeletons
  12 crocodiles
  7 snapping turtle skeletons
  4 big kobolds
  11 bullfrogs
  2 earth elementals
  A wyvern skeleton (D:8)
  2 scorpions
  A spriggan zombie (Crypt:2)
  A yak zombie (Crypt:2)
  A snapping turtle simulacrum (Hell)
  62 killer bees
  57 wights
  6 howler monkeys
  2 electric eels (Lair:6)
  7 quasits
  22 crimson imps
  2 bullfrog zombies
  2 human zombies
  19 orc priests
  10 iron imps
  Crazy Yiuf (D:3)
  5 hounds
  3 bullfrog skeletons
  5 centaur skeletons
  29 jellies
  A human skeleton (Geh:4)
  8 iguanas
  A demonspawn skeleton (Crypt:1)
  30 orc wizards
  A hell rat (D:8)
  12 worker ants
  2 hound zombies
  A deep dwarf skeleton (Crypt:1)
  2 naga skeletons
  3 ogre skeletons
  38 mummies
  A hound skeleton (D:11)
  2 worker ant zombies
  12 adders
  2 river rats (D:8)
  15 shadow imps
  12 white imps
  4 ufetubi
  2 oozes
  An adder skeleton (D:7)
  A worm (D:5)
  A worm (shapeshifter) (Depths:3)
  A barachi zombie (Crypt:2)
  2 dart slugs
  5 leopard geckos
  143 orcs
  A ball python (D:3)
  6 giant cockroaches
  6 goblins
  3 hobgoblins
  10 jackals
  23 kobolds
  5 quokkas
  6 bats
  2 frilled lizards
  A goblin skeleton (Crypt:1)
  A jackal skeleton (D:4)
  A quokka zombie (D:7)
  7 rats
  A river rat skeleton (Crypt:3)
  2 bushes (Abyss:2)
  2 crawling corpses (Elf:1)
  A demonic plant (Abyss:2)
  A fungus (Lair:6)
  A lurking horror (Abyss:5)
  A macabre mass (Abyss:4)
  14 plants
  15 starspawn tentacles
  3 tentacles (Coc:3)
5356 creatures vanquished.

Vanquished Creatures (collateral kills)
  Asmodeus (Geh:7)
  Ereshkigal (Tar:7)
  Dispater (Dis:7)
  A pandemonium lord (Pan)
  2 greater mummies
  2 Tzitzimimeh (Tar:7)
  An Ice Fiend (Coc:7)
  4 tentacled monstrosities (Pan)
  A tentacled starspawn (Abyss:1)
  2 Executioners
  An ancient champion (Tomb:3)
  An iron dragon (Dis:7)
  4 cacodemons (Pan)
  A balrug (Pan)
  2 angels
  A reaper (Dis:7)
  A corrupter (Pan)
  7 bennus
  A blizzard demon (Pan)
  2 mummy priests (Tomb:2)
  A sun demon (Pan)
  2 thrashing horrors (Abyss:4)
  A soul eater (Pan)
  2 sixfirhies (Pan)
  6 skeletal warriors
  A shadow wraith (Tar:7)
  2 shadow demons
  A glowing orange brain (Abyss:4)
  3 starcursed masses
  A necromancer (Geh:7)
  2 shining eyes
  2 ugly things (Abyss:4)
  A guardian serpent (Abyss:4)
  A molten gargoyle (Geh:7)
  2 smoke demons (Pan)
  3 orange demons (Pan)
  An eye of devastation (Pan)
  2 ice devils
  A tormentor (Dis:7)
  2 demonic crawlers (Pan)
  8 guardian mummies
  An ancient zyme (Abyss:4)
  11 large abominations
  A wind drake (Pan)
  4 raiju (Abyss:4)
  7 slime creatures (Abyss:4)
  2 flying skulls (Abyss:4)
  A fire dragon skeleton (Geh:7)
  3 golden eyes
  A fire elemental (Geh:7)
  An ushabti (Tomb:2)
  4 neqoxecs
  2 chaos spawn (Pan)
  3 hell hounds (Dis:1)
  10 small abominations (Abyss:4)
  A snapping turtle skeleton (Tomb:2)
  A quasit (Abyss:4)
  An iron imp (Abyss:1)
  4 mummies
  A ball lightning (Pan)
  A starspawn tentacle (Abyss:4)
142 creatures vanquished.

Vanquished Creatures (others)
  A deep elf blademaster (Elf:3)
  An eldritch tentacle (Coc:3)
  A fire giant (D:12)
  2 elemental wellsprings (Coc:7)
  A stone giant (Vaults:2)
  A yaktaur captain (Vaults:2)
  A hydra (D:12)
  A deep elf knight (Elf:3)
  An anaconda zombie (Geh:7)
  A deep elf archer (Depths:2)
  3 deep elf magi
  A cyclops (Vaults:2)
  A yaktaur (Vaults:2)
  A blink frog (Abyss:4)
  An ice dragon zombie (Geh:7)
  2 small abominations (Abyss:4)
  A flying skull (Coc:7)
  A shadow (Geh:3)
  A fire elemental (Geh:7)
  An orc warrior (Vaults:2)
  2 boggarts
  A centaur (D:12)
  A wight (Geh:3)
  An iron imp (Dis:7)
  4 ball lightnings (Pan)
  An orc (D:8)
  A block of ice (Pan)
  26 fungi
  28 plants
  29 starspawn tentacles
  4 tentacles (Coc:3)
122 creatures vanquished.

Grand Total: 5620 creatures vanquished

Notes
Turn   | Place    | Note
-------+----------+-------------------------------------------
     0 | D:1      | Bowmetheus the Centaur Hunter began the quest for the Orb.
     0 | D:1      | Reached XP level 1. HP: 17/17 MP: 1/1
   376 | D:1      | Reached XP level 2. HP: 20/24 MP: 2/2
  1101 | D:2      | Reached skill level 5 in Crossbows
  1671 | D:3      | Reached XP level 3. HP: 24/30 MP: 3/3
  2467 | D:3      | Reached XP level 4. HP: 36/37 MP: 4/4
  2530 | D:3      | Reached skill level 1 in Axes
  2637 | D:3      | Found a runed translucent door.
  2638 | D:3      | Noticed Crazy Yiuf
  2968 | D:4      | Noticed a phantom
  2974 | D:4      | Reached XP level 5. HP: 43/45 MP: 5/5
  3072 | D:4      | Reached XP level 6. HP: 51/51 MP: 6/6
  3554 | D:4      | Reached XP level 7. HP: 56/59 MP: 7/7
  3599 | D:4      | Found Biahafoh's Assorted Antiques.
  3614 | D:4      | Bought a lumpy cyan potion for 29 gold pieces
  3614 | D:4      | Bought a scroll labeled XOGIOMU TUEP for 33 gold pieces
  3614 | D:4      | Bought a dark potion for 29 gold pieces
  3614 | D:4      | Bought a scroll of identify for 66 gold pieces
  3996 | D:4      | Noticed Eustachio
  4644 | D:5      | Entered Level 5 of the Dungeon
  5049 | D:5      | Reached skill level 1 in Armour
  5120 | D:5      | Reached skill level 5 in Fighting
  5120 | D:5      | Reached XP level 8. HP: 68/68 MP: 8/8
  5120 | D:5      | Noticed a hippogriff
  5129 | D:5      | Killed a hippogriff
  5470 | D:4      | Bought a scroll of identify for 66 gold pieces
  6862 | D:6      | Reached skill level 5 in Axes
  6869 | D:6      | Reached XP level 9. HP: 64/75 MP: 9/9
  7745 | D:6      | Found a staircase to the Ecumenical Temple.
  7756 | Temple   | Entered the Ecumenical Temple
  7764 | Temple   | Became a worshipper of Warmaster Okawaru
  8482 | D:6      | Reached skill level 1 in Invocations
  9151 | D:7      | Noticed Joseph
  9577 | D:7      | Reached * piety under Okawaru
 10140 | D:4      | Killed Eustachio
 10208 | D:4      | Found Biahafoh's Assorted Antiques.
 10316 | D:3      | Killed Crazy Yiuf
 11029 | D:7      | Reached skill level 10 in Crossbows
 11099 | D:7      | Reached ** piety under Okawaru
 11104 | D:7      | Found a glowing silver altar of Zin.
 11304 | D:7      | Killed Joseph
 11304 | D:7      | Reached XP level 10. HP: 34/86 MP: 11/11
 11937 | D:8      | Noticed a two-headed ogre
 12026 | D:8      | Killed a two-headed ogre
 12308 | D:8      | Found Werustru's Weapon Emporium.
 12352 | D:8      | Noticed Gastronok
 12439 | D:8      | Found a shadowy altar of Dithmenos.
 12478 | D:8      | Found Hulou's Armour Emporium.
 12529 | D:8      | Found Talaulas's Distillery.
 12566 | D:8      | Found Juwnu's Antique Armour Emporium.
 12698 | D:8      | Noticed a death yak
 12763 | D:8      | Killed a death yak
 12796 | D:8      | Noticed a two-headed ogre
 12864 | D:8      | Killed a two-headed ogre
 12864 | D:8      | Reached *** piety under Okawaru
 13153 | D:8      | Found a staircase to the Lair.
 13153 | D:8      | Noticed a death yak
 13153 | D:8      | Noticed a death yak
 13235 | D:8      | Killed a death yak
 13405 | D:8      | Reached skill level 5 in Invocations
 13463 | D:8      | Reached XP level 11. HP: 91/95 MP: 14/14
 13727 | D:8      | Found Lumow's Antique Weapon Shop.
 13789 | D:8      | Noticed Maurice
 13802 | D:8      | Killed Maurice
 14212 | D:8      | Killed a death yak
 14212 | D:8      | Reached **** piety under Okawaru
 14745 | D:8      | Received a gift from Okawaru
 15460 | D:9      | Found Minomul's Antique Weapon Shop.
 15553 | D:9      | Received a gift from Okawaru
 15880 | D:9      | Reached skill level 1 in Evocations
 16602 | D:9      | Found a staircase to the Orcish Mines.
 17300 | D:10     | Entered Level 10 of the Dungeon
 17385 | D:10     | Received a gift from Okawaru
 17636 | D:10     | Noticed a two-headed ogre
 17692 | D:10     | Killed a two-headed ogre
 18307 | D:10     | Found a roughly hewn altar of Beogh.
 18944 | D:10     | Reached ***** piety under Okawaru
 19338 | D:8      | Bought an embroidered hat for 175 gold pieces
 19386 | D:8      | Bought the +3 chain mail of the Bells {rPois} for 337 gold
                  | pieces
 19422 | Lair:1   | Entered Level 1 of the Lair of Beasts
 19631 | Lair:1   | Noticed a four-headed hydra
 19667 | Lair:1   | Killed a four-headed hydra
 19748 | Lair:1   | Reached XP level 12. HP: 99/105 MP: 17/17
 19753 | Lair:1   | Received a gift from Okawaru
 20478 | Lair:1   | Noticed Sonja
 20482 | Lair:1   | Killed Sonja
 20496 | Lair:1   | Noticed Erica
 20511 | Lair:1   | Killed Erica
 20511 | Lair:1   | Received a gift from Okawaru
 21349 | Lair:1   | Received a gift from Okawaru
 22136 | Lair:2   | Reached skill level 10 in Fighting
 22155 | Lair:1   | Reached skill level 5 in Armour
 22401 | Lair:2   | Noticed a death yak
 23527 | Lair:2   | Killed a death yak
 24767 | Lair:2   | Received a gift from Okawaru
 24873 | Lair:2   | Found a staircase to the Shoals.
 25051 | Lair:2   | Noticed a five-headed hydra
 25057 | Lair:2   | Killed a five-headed hydra
 25057 | Lair:2   | Reached XP level 13. HP: 114/114 MP: 19/19
 26642 | Lair:4   | Received a gift from Okawaru
 26807 | Lair:4   | Reached ****** piety under Okawaru
 26945 | Lair:4   | Received a gift from Okawaru
 27335 | Lair:4   | Found a staircase to the Snake Pit.
 27746 | Lair:5   | Found a staircase to the Slime Pits.
 29010 | Lair:6   | Entered Level 6 of the Lair of Beasts
 29768 | Lair:6   | Received a gift from Okawaru
 30459 | Lair:6   | Received a gift from Okawaru
 30668 | Lair:6   | Reached XP level 14. HP: 115/125 MP: 21/21
 31168 | Lair:5   | Reached skill level 10 in Axes
 32493 | D:4      | Bought a scroll of identify for 66 gold pieces
 32493 | D:4      | Bought a glowing broad axe for 231 gold pieces
 32675 | D:8      | Found a shadowy altar of Dithmenos.
 32707 | D:8      | Found Hulou's Armour Emporium.
 32711 | D:8      | Found Talaulas's Distillery.
 32750 | D:8      | Found Lumow's Antique Weapon Shop.
 32942 | D:8      | Found Werustru's Weapon Emporium.
 32993 | D:8      | Killed Gastronok
 33097 | D:8      | Found Juwnu's Antique Armour Emporium.
 33101 | D:8      | Found a staircase to the Lair.
 33411 | Orc:1    | Entered Level 1 of the Orcish Mines
 33475 | Orc:1    | Noticed an orc warlord
 33494 | Orc:1    | Noticed Nergalle
 33494 | Orc:1    | Noticed Harold
 33506 | Orc:1    | Killed Harold
 33509 | Orc:1    | Killed Nergalle
 33640 | Orc:1    | Found an iron altar of Okawaru.
 33667 | Orc:1    | Noticed Urug
 33685 | Orc:1    | Killed Urug
 33833 | Orc:1    | Killed an orc warlord
 33833 | Orc:1    | Received a gift from Okawaru
 33946 | Orc:1    | Found a burning altar of Makhleb.
 34111 | Orc:2    | Entered Level 2 of the Orcish Mines
 34751 | Orc:2    | Found a staircase to the Elven Halls.
 35071 | Orc:2    | Received a gift from Okawaru
 35240 | Orc:2    | Found Cyes's Book Shoppe.
 35354 | Orc:2    | Found Ogran's Armour Emporium.
 35408 | Orc:2    | Found Gopehas's Gadget Boutique.
 35424 | Orc:2    | Found Xon Uchu's Jewellery Shoppe.
 35690 | Orc:2    | Bought a +2 cloak of invisibility for 258 gold pieces
 35690 | Orc:2    | Bought a +0 cloak of magic resistance for 138 gold pieces
 35713 | Orc:2    | Bought the ring "Uhoapp" {AC+1 Slay+4} for 375 gold pieces
 35855 | D:8      | Bought a potion of curing for 36 gold pieces
 35855 | D:8      | Bought a potion of curing for 36 gold pieces
 35855 | D:8      | Bought a potion of curing for 36 gold pieces
 35992 | Orc:1    | Noticed Erolcha
 36015 | Orc:1    | Killed Erolcha
 36301 | D:11     | You fall into a shaft and drop 3 floors!
 36435 | D:14     | Reached skill level 10 in Invocations
 36534 | D:14     | Received a gift from Okawaru
 36753 | D:14     | Noticed Jorgrun
 36795 | D:14     | Killed Jorgrun
 36795 | D:14     | Reached XP level 15. HP: 72/134 MP: 17/22
 36809 | D:14     | Found a runed translucent door.
 36809 | D:14     | Found a shimmering altar of Xom.
 36809 | D:14     | Noticed tmcgee265's ghost (adept KoHu)
 36810 | D:14     | Identified the +7 halberd of Hard Scrabble {chaos, Str+4}
 37011 | D:14     | Found a runed translucent door.
 37158 | D:14     | Reached skill level 15 in Crossbows
 37820 | D:14     | Found Qaiw Yke's Changing Room.
 38070 | D:13     | Found a basalt altar of Yredelemnul.
 38365 | D:13     | Got a bloodstained flail
 38760 | D:13     | Reached skill level 5 in Dodging
 38986 | D:13     | Found a gate to the Vaults.
 39127 | D:13     | Found a portal to a secret trove of treasure.
 39377 | D:12     | Paralysed by a hornet for 3 turns
 39385 | D:12     | Received a gift from Okawaru
 39435 | D:12     | Got a transparent chain mail {god gift}
 39436 | D:12     | Identified the +1 chain mail "Cihurchu" {Int+8} (Okawaru
                  | gifted it to you on level 12 of the Dungeon)
 41665 | D:15     | Entered Level 15 of the Dungeon
 42068 | Orc:2    | Bought a wand of digging (4) for 208 gold pieces
 42412 | D:6      | Learned a level 3 spell: Portal Projectile
 42414 | D:6      | Learned a level 1 spell: Corona
 42417 | D:6      | Learned a level 2 spell: Slow
 42421 | D:6      | Learned a level 3 spell: Inner Flame
 42708 | D:15     | Found an iron altar of Okawaru.
 42830 | D:15     | Found Xyraopn's Distillery.
 42844 | D:15     | Bought a potion of heal wounds for 75 gold pieces
 42844 | D:15     | Bought a potion of heal wounds for 75 gold pieces
 42844 | D:15     | Bought a potion of might for 60 gold pieces
 42844 | D:15     | Bought 2 potions of curing for 90 gold pieces
 43410 | D:15     | Found a staircase to the Depths.
 44109 | Snake:1  | Entered Level 1 of the Snake Pit
 44738 | Snake:1  | Received a gift from Okawaru
 44827 | Snake:1  | Found Koarheos's Armour Boutique.
 44963 | Snake:1  | Found a white marble altar of Elyvilon.
 45033 | Snake:1  | Found Rybbezeu's Jewellery Shop.
 45033 | Snake:1  | Found Hiohar's Gadget Shoppe.
 45034 | Snake:1  | Found Giuffet's Gadget Shoppe.
 45338 | Snake:2  | Noticed Vashnia
 45553 | Snake:2  | Killed Vashnia
 45553 | Snake:2  | Reached XP level 16. HP: 104/146 MP: 16/23
 45555 | Snake:2  | Received a gift from Okawaru
 46154 | Snake:2  | Noticed Frances
 46161 | Snake:2  | Killed Frances
 46505 | Snake:2  | Noticed Aizul
 46515 | Snake:2  | Killed Aizul
 47161 | Snake:2  | Received a gift from Okawaru
 48040 | Snake:3  | Received a gift from Okawaru
 49671 | Snake:3  | Reached skill level 15 in Fighting
 49960 | Snake:4  | Entered Level 4 of the Snake Pit
 50008 | Snake:4  | Received a gift from Okawaru
 50009 | Snake:4  | Found the +9 heavy crossbow "Sniper" {velocity, Acc+∞ SInv}
 50101 | Snake:4  | Reached XP level 17. HP: 108/156 MP: 17/24
 51604 | Snake:4  | Received a gift from Okawaru
 51655 | Snake:4  | Received a gift from Okawaru
 51661 | Snake:4  | Identified the +0 centaur barding "Cigrouz" {-Tele rElec
                  | rN+ Int+3} (Okawaru gifted it to you on level 4 of the
                  | Snake Pit)
 52126 | Snake:4  | Got a serpentine rune of Zot
 52418 | Lair:1   | Reached skill level 1 in Spellcasting
 52418 | Lair:1   | Reached skill level 1 in Hexes
 52418 | Lair:1   | Reached skill level 1 in Summonings
 52418 | Lair:1   | Reached skill level 1 in Translocations
 52418 | Lair:1   | Reached XP level 18. HP: 163/166 MP: 25/25
 52467 | Shoals:1 | Entered Level 1 of the Shoals
 53305 | Shoals:1 | Received a gift from Okawaru
 53545 | Shoals:1 | Learned a level 3 spell: Tukima's Dance
 53549 | Shoals:1 | Learned a level 3 spell: Confuse
 53554 | Shoals:1 | Learned a level 4 spell: Cause Fear
 53843 | Shoals:1 | Identified the ring "Foixas" {rF+ MR+ Str+5 Int-2 Dex+3}
 54117 | Shoals:2 | Reached XP level 19. HP: 153/172 MP: 19/26
 54200 | Shoals:2 | Learned a level 1 spell: Apportation
 54222 | Shoals:2 | Found Zutaon's Armour Shop.
 54702 | Shoals:2 | Found Saunerhe's Book Shop.
 55032 | Shoals:3 | Noticed Donald
 55040 | Shoals:3 | Killed Donald
 55268 | Shoals:3 | Found Uluxkano's Food Emporium.
 55333 | Shoals:3 | Found Kowead's Weapon Boutique.
 55648 | Shoals:4 | Entered Level 4 of the Shoals
 55659 | Shoals:4 | Found Ityodin's Gadget Shop.
 55699 | Shoals:4 | Found Tien's Food Boutique.
 55999 | Shoals:4 | Noticed Bai Suzhen
 56012 | Shoals:4 | Killed Bai Suzhen
 56012 | Shoals:4 | Received a gift from Okawaru
 56836 | Shoals:4 | Got a barnacled rune of Zot
 57642 | Shoals:4 | Found Vuatung's Assorted Antiques.
 57650 | Shoals:4 | Found Pubor's Jewellery Shop.
 59457 | Vaults:1 | Entered Level 1 of the Vaults
 60537 | Vaults:1 | Received a gift from Okawaru
 61034 | Vaults:1 | Reached skill level 5 in Translocations
 61402 | Vaults:1 | Reached skill level 5 in Hexes
 61593 | Vaults:1 | Received a gift from Okawaru
 62165 | D:13     | Identified the +2 flail of True Grit {drain, rPois Str+2
                  | Int+4} (You found it on level 13 of the Dungeon)
 63326 | Vaults:2 | Reached XP level 20. HP: 108/182 MP: 27/27
 63588 | Vaults:2 | Found a staircase to the Crypt.
 63588 | Vaults:2 | Found a basalt altar of Yredelemnul.
 63588 | Vaults:2 | Found an ancient bone altar of Kikubaaqudgha.
 63594 | Vaults:2 | Got a serpentine brass ring
 63602 | Vaults:2 | Identified the ring of Satyriasis {rPois rC+} (You found it
                  | on level 2 of the Vaults)
 63805 | Vaults:2 | Received a gift from Okawaru
 64621 | Vaults:2 | Received a gift from Okawaru
 66596 | Vaults:3 | Reached skill level 10 in Armour
 66709 | Vaults:3 | Received a gift from Okawaru
 67382 | Snake:1  | Bought the amulet "Jesaez" {Faith Str+7} for 925 gold
                  | pieces
 68149 | Vaults:4 | Found a ruined gateway.
 68232 | Desolati | Entered the Desolation of Salt
 68575 | Desolati | Reached skill level 5 in Spellcasting
 68658 | Desolati | Received a gift from Okawaru
 69142 | Desolati | Identified Wairch's Catalogue of Curses and Creation
 69146 | Desolati | Got a brightly glowing jade ring
 69147 | Desolati | Identified the ring "Urunoageo" {-Tele MR++ Str+3 Dex+4
                  | SInv} (You found it in the Desolation of Salt)
 69156 | Desolati | Identified Iledum's Catalogue of the Glacier
 69443 | Desolati | Received a gift from Okawaru
 69448 | Desolati | Identified the +9 arbalest of the Mosquito {penet, rF+
                  | Stlth+} (You found it in the Desolation of Salt)
 69452 | Desolati | Identified the +1 scale mail of the Good {rF+ Str+2}
 69500 | Desolati | Got a transparent amber ring
 69501 | Desolati | Identified the ring "Vepperch" {Ice rElec} (You found it in
                  | the Desolation of Salt)
 69572 | Desolati | Got a brightly glowing bone ring
 69573 | Desolati | Identified the cursed ring "Beileteb" {MR+ AC-3 Dex+5} (You
                  | found it in the Desolation of Salt)
 69575 | Desolati | Got a bloodstained cloak
 69586 | Desolati | Identified the +1 cloak of Wu Jian's Castigation {Str+4}
                  | (You found it in the Desolation of Salt)
 70190 | Elf:1    | Entered Level 1 of the Elven Halls
 70202 | Elf:1    | Received a gift from Okawaru
 70203 | Elf:1    | Got a dazzling centaur barding {god gift}
 70209 | Elf:1    | Identified the +3 centaur barding of Weightlessness {Int+4
                  | Dex+2} (Okawaru gifted it to you on level 1 of the Elven
                  | Halls)
 70934 | Elf:1    | Noticed Kirke
 70962 | Elf:1    | Reached XP level 21. HP: 137/191 MP: 25/29
 71290 | Elf:1    | Killed Kirke
 72084 | Elf:2    | Found a huge runed translucent gate.
 72084 | Elf:2    | Found a huge runed translucent gate.
 72084 | Elf:2    | Found a huge runed translucent gate.
 72085 | Elf:2    | Found a huge runed translucent gate.
 72085 | Elf:2    | Found a huge runed translucent gate.
 72909 | Elf:2    | Received a gift from Okawaru
 73206 | Elf:3    | Entered Level 3 of the Elven Halls
 73214 | Elf:3    | Reached skill level 15 in Axes
 74167 | Elf:3    | Found Feigue's Food Emporium.
 74919 | Elf:3    | Received a gift from Okawaru
 74933 | Elf:3    | Identified the +3 hand crossbow "Gurulinish" {freeze, rN+}
                  | (Okawaru gifted it to you on level 3 of the Elven Halls)
 75155 | Elf:3    | Identified the +1 pair of gloves "Kekhytiss" {Int+3} (You
                  | found it on level 3 of the Elven Halls)
 75158 | Elf:3    | Found the +18 shield of the Gong {rElec rN+ MR+ EV-5}
 76182 | D:13     | Learned a level 1 spell: Summon Butterflies
 76691 | Vaults:4 | Reached XP level 22. HP: 202/202 MP: 33/33
 77169 | Vaults:4 | Received a gift from Okawaru
 77210 | Vaults:4 | Identified the +1 centaur barding "Quynn" {rC++ Str-2
                  | Dex+2} (Okawaru gifted it to you on level 4 of the Vaults)
 77739 | Vaults:4 | Noticed Saint Roka
 77757 | Vaults:4 | Killed Saint Roka
 79022 | Shoals:2 | Bought a book of Minor Magic for 200 gold pieces
 79025 | Shoals:2 | Learned a level 2 spell: Blink
 79265 | D:14     | Killed tmcgee265's ghost
 80236 | Depths:1 | Entered Level 1 of the Depths
 80244 | Depths:1 | Found a one-way gate to the infinite horrors of the Abyss.
 80601 | Depths:1 | Found a gateway to a ziggurat.
 80782 | Depths:1 | Reached skill level 5 in Summonings
 81181 | Depths:1 | Received a gift from Okawaru
 82388 | Depths:1 | Found a gateway to Hell.
 82746 | Depths:2 | Found Bybbip's Pet Rocks.
 83080 | Depths:2 | Found a one-way gate leading to the halls of Pandemonium.
 84012 | Depths:2 | Found a corrupted altar of Lugonu.
 84196 | Depths:2 | Identified a scroll of acquirement
 84797 | Depths:2 | Got a crude chain mail
 84798 | Depths:2 | Identified the +0 chain mail "Yleit" {Dex+4} (You acquired
                  | it on level 2 of the Depths)
 85096 | Depths:3 | Received a gift from Okawaru
 85421 | Depths:3 | Reached XP level 23. HP: 211/211 MP: 36/36
 85932 | Depths:3 | Noticed a juggernaut
 86143 | Depths:3 | Noticed a juggernaut
 86917 | Depths:2 | Killed a juggernaut
 87848 | Depths:2 | Identified the +7 trident "Killer Bee's Regret" {freeze,
                  | rF+++ Dex+5}
 87861 | Depths:2 | Identified the +0 scale mail "Alaen" {rPois rC+ rCorr
                  | Dex+2} (You found it on level 2 of the Depths)
 88615 | Depths:3 | Identified the +1 morningstar "Impslayer" {antimagic, rN+}
 88641 | Depths:3 | Received a gift from Okawaru
 88782 | Depths:3 | Killed a juggernaut
 88782 | Depths:3 | Received a gift from Okawaru
 88782 | Depths:3 | Received a gift from Okawaru
 89069 | Depths:3 | Got a sparkling pewter ring
 89070 | Depths:3 | Identified the ring "Taluh" {MR+ Dex+6} (You found it on
                  | level 3 of the Depths)
 89810 | Shoals:2 | Bought a book of the Sky for 650 gold pieces
 89815 | Shoals:2 | Learned a level 4 spell: Summon Lightning Spire
 90505 | Depths:4 | Reached skill level 1 in Air Magic
 91937 | Depths:4 | Noticed a caustic shrike
 92018 | Depths:4 | Received a gift from Okawaru
 92251 | Depths:4 | Noticed an ancient lich
 92288 | Depths:4 | Found a runed translucent door.
 92448 | Depths:2 | Bought a wand of digging (4) for 240 gold pieces
 92788 | Snake:1  | Bought a wand of digging (4) for 256 gold pieces
 93055 | D:13     | Learned a level 5 spell: Summon Mana Viper
 93208 | Depths:2 | Found the +8 orange crystal plate armour {Archmagi, Int+3
                  | Clar}
 93236 | Depths:2 | Reached XP level 24. HP: 169/221 MP: 36/36
 93479 | Depths:2 | Identified the Disquisition on Unstable Evil
 93958 | Snake:1  | Bought the ring of the Mage {Wiz MR++ Int+3} for 775 gold
                  | pieces
 93958 | Snake:1  | Found the ring of the Mage {Wiz MR++ Int+3}
 94418 | Depths:2 | Reached skill level 5 in Air Magic
 94814 | Depths:5 | Entered Level 5 of the Depths
 95055 | Depths:5 | Received a gift from Okawaru
 95056 | Depths:5 | Got a jewelled chain mail {god gift}
 96463 | Depths:5 | Paralysed by a floating eye for 4 turns
 96885 | Depths:5 | Found a gate to the Realm of Zot.
 97053 | Depths:5 | Identified the +2 chain mail of Okawaru's Fury {Str+7
                  | Dex-2} (Okawaru gifted it to you on level 5 of the Depths)
 97223 | Depths:4 | Received a gift from Okawaru
 97269 | Depths:4 | Noticed the Enchantress
 97286 | Depths:4 | Killed the Enchantress
 97286 | Depths:4 | Reached skill level 10 in Dodging
 97898 | Depths:4 | Reached skill level 10 in Summonings
 98077 | Depths:4 | Reached skill level 10 in Spellcasting
 98122 | Depths:4 | Killed an ancient lich
 98122 | Depths:4 | Received a gift from Okawaru
 98924 | Depths:4 | Reached XP level 25. HP: 175/231 MP: 33/37
 98967 | Depths:4 | Received a gift from Okawaru
 99330 | Depths:4 | Reached skill level 5 in Evocations
 99578 | Depths:4 | Identified the ring "Meshraor" {*Drain rElec rC+ Dex+3}
                  | (You found it on level 4 of the Depths)
100814 | Vaults:5 | Entered Level 5 of the Vaults
101062 | Vaults:5 | Received a gift from Okawaru
101144 | Vaults:5 | Found Jacwieli's Gadget Shoppe.
101235 | Vaults:5 | Noticed an ancient lich
101241 | Vaults:5 | Killed an ancient lich
101263 | Vaults:5 | Received a gift from Okawaru
101361 | Vaults:5 | Received a gift from Okawaru
101575 | Vaults:5 | Identified the +8 hunting sling "Alusmofy" {venom, +Blink
                  | MR- Dex+8 Stlth+}
101595 | Vaults:5 | Received a gift from Okawaru
102241 | Vaults:5 | Noticed Xtahua
102255 | Vaults:5 | Killed Xtahua
102288 | Vaults:5 | Found Gurgh's Jewellery Shoppe.
102301 | Vaults:5 | Identified the +10 arbalest "Giguez" {elec, Str+5} (Okawaru
                  | gifted it to you on level 5 of the Vaults)
102808 | Vaults:5 | Received a gift from Okawaru
103239 | Vaults:5 | Received a gift from Okawaru
103299 | Vaults:5 | Identified the ring of Atutzo Rutecw {MR++ Str+5}
103444 | Vaults:5 | Reached skill level 10 in Hexes
103504 | Vaults:5 | Reached XP level 26. HP: 237/238 MP: 37/37
104368 | Vaults:5 | Got a silver rune of Zot
104981 | Vaults:5 | Identified the Guide on Mutagenic Augmentations
105448 | Zot:1    | Entered Level 1 of the Realm of Zot
105482 | Zot:1    | Received a gift from Okawaru
105625 | Zot:1    | Identified the +4 dragonskin cloak
105625 | Zot:1    | Noticed Tiamat
105657 | Zot:1    | Killed Tiamat
106347 | Zot:1    | Received a gift from Okawaru
109546 | Zot:2    | Received a gift from Okawaru
110581 | Zot:2    | Received a gift from Okawaru
110628 | Zot:2    | Received a gift from Okawaru
110656 | Zot:2    | Reached XP level 27. HP: 221/249 MP: 37/37
111788 | Vaults:5 | Bought a wand of enslavement (13) for 255 gold pieces
111788 | Vaults:5 | Bought a wand of digging (8) for 408 gold pieces
112545 | Zot:3    | Found the cursed necklace of Bloodlust {*Rage +Rage MR++
                  | Int-3 Slay+6 *Curse}
113002 | Zot:3    | Got a flickering turquoise ring
113003 | Zot:3    | Identified the ring of the King {rPois Dex+3} (You found it
                  | on level 3 of the Realm of Zot)
113536 | Zot:3    | Received a gift from Okawaru
113792 | Zot:3    | Received a gift from Okawaru
113800 | Zot:3    | Identified the +0 centaur barding "Soukyvema" {Regen+
                  | Str+7} (Okawaru gifted it to you on level 3 of the Realm of
                  | Zot)
114464 | Zot:3    | Identified the +3 chain mail of Limited Liability {+Blink
                  | Int+4} (You found it on level 3 of the Realm of Zot)
116167 | Zot:4    | Identified the +4 ring mail of the Jackalope {rC- rCorr
                  | Stlth+} (You found it on level 4 of the Realm of Zot)
117156 | Zot:5    | Entered Level 5 of the Realm of Zot
117537 | Zot:5    | Received a gift from Okawaru
117722 | Zot:4    | Received a gift from Okawaru
118323 | Zot:5    | Noticed an ancient lich
118328 | Zot:5    | Noticed an orb of fire
118329 | Zot:5    | Killed an ancient lich
118331 | Zot:5    | Noticed an orb of fire
118343 | Zot:5    | Killed an orb of fire
118348 | Zot:5    | Noticed an ancient lich
119214 | Slime:1  | Entered Level 1 of the Pits of Slime
119596 | Slime:3  | Received a gift from Okawaru
119745 | Slime:4  | Received a gift from Okawaru
119792 | Slime:4  | Received a gift from Okawaru
120121 | Slime:5  | Entered Level 5 of the Pits of Slime
120812 | Slime:5  | Noticed the Royal Jelly
120843 | Slime:5  | Found a viscous altar of Jiyva.
120871 | Slime:5  | Killed the Royal Jelly
121594 | Slime:5  | Identified the +3 broad axe "Ustenyrue" {vamp, rC+++} (You
                  | found it on level 5 of the Pits of Slime)
121716 | Slime:5  | Identified the cursed +0 war axe "Ehuma" {freeze, rC+ rN+}
                  | (You found it on level 5 of the Pits of Slime)
121719 | Slime:5  | Got a slimy rune of Zot
121735 | Slime:5  | Identified the cursed +1 scale mail "Emoedume" {rPois rF++
                  | rC+ Stlth-} (You found it on level 5 of the Pits of Slime)
122364 | Temple   | Fell from the grace of Okawaru
122364 | Temple   | Became a worshipper of the Shining One
122450 | D:8      | Bought a potion of mutation for 96 gold pieces
122450 | D:8      | Bought a potion of brilliance for 48 gold pieces
122450 | D:8      | Bought a potion of lignification for 36 gold pieces
122450 | D:8      | Bought a potion of brilliance for 48 gold pieces
122450 | D:8      | Bought a potion of agility for 48 gold pieces
122450 | D:8      | Bought a potion of haste for 120 gold pieces
122603 | D:15     | Bought a potion of brilliance for 60 gold pieces
122603 | D:15     | Bought a potion of flight for 45 gold pieces
122603 | D:15     | Bought a potion of agility for 60 gold pieces
122603 | D:15     | Bought a potion of flight for 45 gold pieces
122603 | D:15     | Bought a potion of lignification for 45 gold pieces
122728 | Crypt:1  | Entered Level 1 of the Crypt
122757 | Crypt:1  | Reached * piety under the Shining One
122824 | Crypt:1  | Reached ** piety under the Shining One
123224 | Crypt:1  | Reached *** piety under the Shining One
123366 | Crypt:1  | Reached **** piety under the Shining One
124076 | Crypt:2  | Reached ***** piety under the Shining One
125291 | Crypt:2  | Identified the amulet of the Echidna {*Corrode rC++ Regen+
                  | Dex+2 SInv}
125388 | Crypt:2  | Identified the +4 robe of the Arcane {MR++} (You found it
                  | on level 2 of the Crypt)
125490 | Crypt:3  | Entered Level 3 of the Crypt
125605 | Crypt:3  | Reached ****** piety under the Shining One
125606 | Crypt:3  | Identified a +9 triple crossbow of holy wrath (a +7 triple
                  | crossbow of velocity blessed by the Shining One)
125606 | Crypt:3  | Received a gift from the Shining One
125930 | Crypt:3  | Found a staircase to the Tomb.
126108 | Crypt:3  | Noticed an ancient lich
126127 | Crypt:3  | Killed an ancient lich
127232 | Crypt:3  | Identified the cursed +1 broad axe of Wrath {freeze, rN++
                  | MR- SInv}
127308 | Crypt:3  | Found a basalt altar of Yredelemnul.
127345 | Crypt:3  | Found an ancient bone altar of Kikubaaqudgha.
127360 | Crypt:3  | Got a scintillating turquoise ring
127361 | Crypt:3  | Identified the cursed ring "Xeah" {rPois Slay-6 SInv} (You
                  | found it on level 3 of the Crypt)
127407 | Crypt:3  | Identified the Tome of the Enthralling Voyage
127998 | Hell     | Entered the Vestibule of Hell
127998 | Hell     | Noticed Geryon
128002 | Hell     | Killed Geryon
128002 | Hell     | Noticed Murray
128949 | Depths:1 | Killed Murray
129139 | Hell     | Found a gateway to the freezing wastes of Cocytus.
129573 | Hell     | Found a gateway to the ashen valley of Gehenna.
129671 | Hell     | Found a gateway to the decaying netherworld of Tartarus.
129831 | Hell     | Found a gateway to the Iron City of Dis.
130164 | Depths:2 | Voluntarily entered the Abyss.
130240 | Abyss:1  | Got an ichor-stained scale mail
130528 | Abyss:1  | Found a shattered altar of Ashenzari.
130860 | Abyss:1  | Reached skill level 15 in Invocations
130988 | Abyss:1  | Gained mutation: You occasionally shout uncontrollably at
                  | your foes. [a shining eye]
130995 | Abyss:1  | Gained mutation: Your spells are a little easier to cast,
                  | but a little less powerful. [a neqoxec]
131490 | Abyss:4  | Gained mutation: You do not regenerate when monsters are
                  | visible. [a neqoxec]
131642 | Abyss:4  | Identified the +3 scale mail of Cocytus {+Fly MR- rCorr
                  | SInv} (You found it on level 1 of the Abyss)
132038 | Abyss:4  | Got an abyssal rune of Zot
132361 | Abyss:5  | Entered Level 5 of the Abyss
132417 | Depths:2 | Escaped the Abyss
132616 | D:14     | Bought 2 potions of mutation for 256 gold pieces
132616 | D:14     | Bought a potion of lignification for 48 gold pieces
132864 | Shoals:4 | Bought 3 potions of mutation for 792 gold pieces
132864 | Shoals:4 | Bought a scroll of enchant armour for 247 gold pieces
132864 | Shoals:4 | Bought a potion of cancellation for 264 gold pieces
133090 | Snake:1  | Bought a wand of digging (4) for 256 gold pieces
133090 | Snake:1  | Bought a wand of enslavement (11) for 208 gold pieces
133097 | Snake:1  | Bought a wand of digging (1) for 160 gold pieces
133097 | Snake:1  | Lost mutation: Your spells are a little easier to cast, but
                  | a little less powerful. [potion of mutation]
133097 | Snake:1  | Lost mutation: You occasionally shout uncontrollably at
                  | your foes. [potion of mutation]
133097 | Snake:1  | Gained mutation: Scrolls take you a little longer to read.
                  | [potion of mutation]
133097 | Snake:1  | Gained mutation: Your spells are a little easier to cast,
                  | but a little less powerful. [potion of mutation]
133097 | Snake:1  | Gained mutation: You have a beak for a mouth. [potion of
                  | mutation]
133714 | D:12     | Lost mutation: Scrolls take you a little longer to read.
                  | [potion of mutation]
133714 | D:12     | Lost mutation: You do not regenerate when monsters are
                  | visible. [potion of mutation]
133714 | D:12     | Lost mutation: Your spells are a little easier to cast, but
                  | a little less powerful. [potion of mutation]
133714 | D:12     | Gained mutation: Your system is resistant to poisons.
                  | (rPois) [potion of mutation]
133714 | D:12     | Gained mutation: You occasionally shout uncontrollably at
                  | your foes. [potion of mutation]
133714 | D:12     | Gained mutation: You are partially covered in slimy green
                  | scales. (AC +2) [potion of mutation]
134146 | D:13     | Lost mutation: You occasionally shout uncontrollably at
                  | your foes. [potion of mutation]
134146 | D:13     | Lost mutation: You have a beak for a mouth. [potion of
                  | mutation]
134146 | D:13     | Lost mutation: Your system is resistant to poisons. (rPois)
                  | [potion of mutation]
134146 | D:13     | Lost mutation: You are partially covered in slimy green
                  | scales. (AC +2) [potion of mutation]
134146 | D:13     | Gained mutation: You occasionally shout uncontrollably at
                  | your foes. [potion of mutation]
134146 | D:13     | Gained mutation: Your skin changes colour to match your
                  | surroundings (Stealth+). [potion of mutation]
134146 | D:13     | Gained mutation: You are resistant to hostile enchantments.
                  | (MR+) [potion of mutation]
134344 | Geh:1    | Entered Level 1 of Gehenna
134772 | Depths:2 | Voluntarily entered the Abyss.
134816 | Abyss:1  | Noticed an ancient lich
134823 | Abyss:1  | Killed an ancient lich
134887 | Depths:2 | Escaped the Abyss
134898 | Depths:2 | Voluntarily entered the Abyss.
134930 | Abyss:1  | Was forgiven by Okawaru
135089 | Abyss:2  | Found a corrupted altar of Lugonu.
135199 | Abyss:2  | Noticed an ancient lich
135202 | Abyss:2  | Killed an ancient lich
135228 | Abyss:3  | Found a corrupted altar of Lugonu.
135270 | Depths:2 | Escaped the Abyss
136066 | Pan      | Entered Pandemonium
136908 | Pan      | Noticed Feas the pandemonium lord
136921 | Pan      | Killed Feas the pandemonium lord
136933 | Pan      | Got a demonic rune of Zot
137374 | Pan      | Found an exit through the horrors of the Abyss.
137646 | Pan      | Found a runed translucent door.
137648 | Pan      | Found a runed translucent door.
137651 | Pan      | Found a runed translucent door.
137659 | Pan      | Found a runed translucent door.
137984 | Pan      | Noticed Bail the pandemonium lord
138036 | Pan      | Took an exit into the Abyss.
138036 | Abyss:1  | Escaped into the Abyss
138043 | Abyss:1  | Noticed an ancient lich
138044 | Depths:3 | Escaped the Abyss
138055 | Pan      | Entered Pandemonium
138560 | Pan      | Noticed Kuuxizegem the pandemonium lord
138561 | Pan      | Killed Kuuxizegem the pandemonium lord
139226 | Pan      | Noticed Voriff the pandemonium lord
139454 | Pan      | Killed Voriff the pandemonium lord
139908 | Pan      | Found a runed translucent door.
140157 | Pan      | Found a runed translucent door.
140184 | Pan      | Noticed Vabro the pandemonium lord
140197 | Pan      | Killed Vabro the pandemonium lord
141082 | Pan      | Found a huge runed translucent gate.
141101 | Pan      | Found a huge runed translucent gate.
141102 | Pan      | Found a huge runed translucent gate.
141103 | Pan      | Found a huge runed translucent gate.
141103 | Pan      | Found a huge runed translucent gate.
141105 | Pan      | Found a huge runed translucent gate.
141106 | Pan      | Found a huge runed translucent gate.
141328 | Pan      | Noticed Wiecipp the pandemonium lord
141420 | Pan      | Gained mutation: You do not regenerate when monsters are
                  | visible. [a neqoxec]
141527 | Pan      | Lost mutation: You are resistant to hostile enchantments.
                  | (MR+) [potion of mutation]
141527 | Pan      | Lost mutation: Your skin changes colour to match your
                  | surroundings (Stealth+). [potion of mutation]
141527 | Pan      | Lost mutation: You occasionally shout uncontrollably at
                  | your foes. [potion of mutation]
141527 | Pan      | Gained mutation: Scrolls take you a little longer to read.
                  | [potion of mutation]
141527 | Pan      | Gained mutation: Your flesh is heat resistant. (rF+)
                  | [potion of mutation]
142017 | Pan      | Identified the +0 large shield of Hangman {Str+4}
142338 | Pan      | Found a white marble altar of Elyvilon.
143949 | Pan      | Found a glowing silver altar of Zin.
144559 | Pan      | Identified the amulet of Fupag Tov {Fragile rF++ Regen+
                  | Slay+3}
144576 | Pan      | Noticed a seraph
144581 | Pan      | Identified the cursed +0 buckler of the Lotus Blossom {+Inv
                  | Regen+ Dex-2 Slay+6}
144585 | Pan      | Killed a seraph
144614 | Pan      | Found a glowing golden altar of the Shining One.
144661 | Pan      | Identified the cursed +1 plate armour "Qyif" {rElec rPois
                  | rN+ Str+4} (You found it in Pandemonium)
144724 | Depths:3 | Escaped Pandemonium
145052 | D:13     | You paid a toll of 16 scrolls of teleportation to enter a
                  | treasure trove
145053 | Trove    | Entered a treasure trove
145071 | Trove    | Found the +3 Elemental Staff {rElec rF++ rC++ MR++ AC+5}
145104 | Trove    | Identified Sif Muna's Witchery, Part Four
145244 | D:13     | Lost mutation: You do not regenerate when monsters are
                  | visible. [potion of mutation]
145244 | D:13     | Gained mutation: Your flesh is cold resistant. (rC+)
                  | [potion of mutation]
145244 | D:13     | Gained mutation: You occasionally shout uncontrollably at
                  | your foes. [potion of mutation]
145244 | D:13     | Lost mutation: Your flesh is cold resistant. (rC+) [potion
                  | of mutation]
145244 | D:13     | Gained mutation: Your muscles are strong. (Str +2) [potion
                  | of mutation]
145248 | D:13     | Lost mutation: You occasionally shout uncontrollably at
                  | your foes. [potion of mutation]
145248 | D:13     | Lost mutation: Scrolls take you a little longer to read.
                  | [potion of mutation]
145248 | D:13     | Lost mutation: Your flesh is heat resistant. (rF+) [potion
                  | of mutation]
145248 | D:13     | Lost mutation: Your muscles are strong. (Str +2) [potion of
                  | mutation]
145248 | D:13     | Gained mutation: You expend magic power (3 MP) to
                  | strengthen your wands. [potion of mutation]
145248 | D:13     | Gained mutation: You passively map a small area around you.
                  | [potion of mutation]
145248 | D:13     | Gained mutation: Your flesh is cold resistant. (rC+)
                  | [potion of mutation]
145248 | D:13     | Gained mutation: You are partially covered in yellow
                  | scales. (AC +2) [potion of mutation]
145458 | Pan      | Entered the realm of Mnoleg.
145458 | Pan      | Entered Pandemonium
145701 | Pan      | Identified the +1 large shield of the Other World {rF++ rC+
                  | Int-4}
145833 | Pan      | Noticed Mnoleg
145840 | Pan      | Killed Mnoleg
145865 | Pan      | Gained mutation: You are dopey. (Int -2) [a cacodemon]
145921 | Pan      | Got a glowing rune of Zot
146142 | Pan      | Entered the realm of Gloorx Vloq.
146289 | Pan      | Identified the +1 leather armour of Wunkavei {rF++ MR+
                  | rCorr} (You found it in Pandemonium)
146448 | Pan      | Found an exit through the horrors of the Abyss.
146907 | Pan      | Noticed Gloorx Vloq
146911 | Pan      | Killed Gloorx Vloq
146941 | Pan      | Got a dark rune of Zot
147031 | Depths:3 | Escaped Pandemonium
147042 | Pan      | Entered the realm of Lom Lobon.
147042 | Pan      | Entered Pandemonium
147649 | Pan      | Found an exit through the horrors of the Abyss.
148165 | Pan      | Noticed Lom Lobon
148210 | Pan      | Killed Lom Lobon
148296 | Pan      | Got a magical rune of Zot
148632 | Pan      | Took an exit into the Abyss.
148632 | Abyss:1  | Escaped into the Abyss
148753 | Depths:3 | Escaped the Abyss
148768 | Pan      | Entered the realm of Cerebov.
148768 | Pan      | Entered Pandemonium
148838 | Pan      | Identified the +2 robe "Quxkowk" {rCorr} (You found it in
                  | Pandemonium)
149668 | Pan      | Identified Zettish's Handbook of Self-Improvement and the
                  | Mountains
149835 | Pan      | Reached skill level 15 in Armour
149894 | Pan      | Got a faintly glowing ruby amulet
149895 | Pan      | Identified the amulet "Ucvygg" {Reflect rF+ SH+5} (You
                  | found it in Pandemonium)
149987 | Pan      | Identified the +6 sword of Cerebov {flame}
149987 | Pan      | Noticed Cerebov
150007 | Pan      | Killed Cerebov
150090 | Pan      | Got a fiery rune of Zot
150522 | Pan      | Noticed Iwauxkab the pandemonium lord
150523 | Pan      | Killed Iwauxkab the pandemonium lord
151713 | Pan      | Noticed Geczyck the pandemonium lord
151718 | Pan      | Cast into level 5 of the Abyss (Geczyck)
151718 | Abyss:5  | Entered Level 5 of the Abyss
151718 | Abyss:5  | Found a corrupted altar of Lugonu.
151763 | Abyss:5  | Found a corrupted altar of Lugonu.
152001 | Pan      | Escaped the Abyss
152137 | Pan      | Killed Geczyck the pandemonium lord
152476 | Pan      | Noticed Teshraelurr the pandemonium lord
152771 | Pan      | Identified the +1 chain mail of Baotehun {Stlth+} (You
                  | found it in Pandemonium)
153572 | Pan      | Killed Teshraelurr the pandemonium lord
154191 | Pan      | Noticed Ineomomy the pandemonium lord
154192 | Pan      | Killed Ineomomy the pandemonium lord
155434 | Pan      | Found a transporter.
155447 | Pan      | Identified the ring of Suopnigy {+Inv rC- rN+ MR+ Str+3}
155451 | Pan      | Found a transporter.
156107 | Pan      | Found an exit through the horrors of the Abyss.
156147 | Pan      | Found a huge runed translucent gate.
156701 | Pan      | Found a huge runed translucent gate.
156702 | Pan      | Found a huge runed translucent gate.
156703 | Pan      | Found a huge runed translucent gate.
156704 | Pan      | Found a huge runed translucent gate.
156705 | Pan      | Found a huge runed translucent gate.
156706 | Pan      | Found a huge runed translucent gate.
156736 | Pan      | Took an exit into the Abyss.
156736 | Abyss:1  | Escaped into the Abyss
156987 | Abyss:2  | Found a corrupted altar of Lugonu.
157134 | Depths:3 | Escaped the Abyss
158106 | Tar:1    | Entered Level 1 of Tartarus
158455 | Tar:4    | Gained mutation: You have a pair of small horns on your
                  | head. [mutagenic glow]
158492 | Tar:6    | Gained mutation: You possess an exceptional clarity of
                  | mind. [mutagenic glow]
158582 | Tar:7    | Entered Level 7 of Tartarus
159409 | Tar:7    | Identified the Grimoire of Dark Hexes
159434 | Tar:7    | Found the +0 Maxwell's etheric cage {RegenMP+ *Contam rElec
                  | MP+4}
159446 | Tar:7    | Identified the Volume of Arcane Weapons and the Arsonist
159496 | Tar:7    | Identified the +3 scale mail of the Greedy {Int+3} (You
                  | found it on level 7 of Tartarus)
159501 | Tar:7    | Got a coiled wooden ring
159502 | Tar:7    | Identified the ring "Tuekeub" {+Fly rC+ MR+} (You found it
                  | on level 7 of Tartarus)
159635 | Tar:7    | Found the +1 cloak of Starlight {rElec rC+ EV+4 Stlth--}
159673 | Tar:7    | Identified the +4 ice dragon scales "Epoh" {+Blink rF-
                  | rC++} (You found it on level 7 of Tartarus)
159889 | Tar:7    | Identified Sif Muna's Collected Works on Venomous Sinister
                  | Magic
161047 | Tar:7    | Noticed Ereshkigal
161069 | Tar:7    | Killed Ereshkigal
161131 | Tar:7    | Got a bone rune of Zot
161771 | D:7      | Fell from the grace of the Shining One
161771 | D:7      | Became a worshipper of Zin the Law-Giver
161771 | D:7      | Reached * piety under Zin
161771 | D:7      | Reached ** piety under Zin
161771 | D:7      | Reached *** piety under Zin
161771 | D:7      | Reached **** piety under Zin
161771 | D:7      | Reached ***** piety under Zin
161772 | D:7      | Donated 3253 gold pieces to Zin
161965 | D:15     | Reached ****** piety under Zin
161966 | D:15     | Lost mutation: You expend magic power (3 MP) to strengthen
                  | your wands. [potion of mutation]
161966 | D:15     | Lost mutation: Your flesh is cold resistant. (rC+) [potion
                  | of mutation]
161966 | D:15     | Lost mutation: You are dopey. (Int -2) [potion of mutation]
161966 | D:15     | Lost mutation: You have a pair of small horns on your head.
                  | [potion of mutation]
162175 | Temple   | Fell from the grace of Zin
162175 | Temple   | Became a worshipper of the Shining One
163164 | Geh:4    | Reached skill level 10 in Air Magic
163857 | Geh:7    | Entered Level 7 of Gehenna
164325 | Geh:7    | Got a smoking steel ring
164326 | Geh:7    | Identified the ring "Woobitsoe" {rElec rC+ EV+4 Int+4} (You
                  | found it on level 7 of Gehenna)
164463 | Geh:7    | Identified the +7 sceptre of Asmodeus
164463 | Geh:7    | Noticed Asmodeus
164471 | Geh:7    | Killed Asmodeus
164488 | Geh:7    | Got an obsidian rune of Zot
165225 | Coc:1    | Entered Level 1 of Cocytus
165890 | Coc:7    | Entered Level 7 of Cocytus
166290 | Coc:7    | Noticed Antaeus
166410 | Coc:7    | Reached skill level 15 in Dodging
166584 | Coc:7    | Killed Antaeus
166661 | Coc:7    | Got an icy rune of Zot
166673 | Coc:7    | Identified the Catalogue of Nocuous Confrontation
167061 | Dis:1    | Entered Level 1 of the Iron City of Dis
167234 | Dis:2    | You fall into a shaft and drop 2 floors!
167468 | Dis:7    | Entered Level 7 of the Iron City of Dis
168176 | Dis:7    | Got a faintly glowing golden ring
168177 | Dis:7    | Identified the ring "Nimurgh" {Wiz rPois rF- MR- Slay+4}
                  | (You found it on level 7 of the Iron City of Dis)
168504 | Dis:7    | Identified the cursed +0 large shield of Hedonism {Dex+4
                  | Slay+3 Stlth+}
168507 | Dis:7    | Identified the +4 staff of Dispater
168507 | Dis:7    | Noticed Dispater
168523 | Dis:7    | Killed Dispater
168539 | Dis:7    | Got an iron rune of Zot
168540 | Dis:7    | Identified the Compendium of the Escort and Stones
168543 | Dis:7    | Got a slimy ivory ring
168544 | Dis:7    | Identified the ring of the Tormentor {rF+ Str+5} (You found
                  | it on level 7 of the Iron City of Dis)
168649 | Dis:7    | Gained mutation: You are frail. (-10% HP) [a cacodemon]
169046 | D:13     | Lost mutation: You are partially covered in yellow scales.
                  | (AC +2) [potion of mutation]
169046 | D:13     | Lost mutation: You passively map a small area around you.
                  | [potion of mutation]
169046 | D:13     | Lost mutation: You are frail. (-10% HP) [potion of
                  | mutation]
169046 | D:13     | Gained mutation: You are weak. (Str -2) [potion of
                  | mutation]
169046 | D:13     | Gained mutation: Your system is resistant to poisons.
                  | (rPois) [potion of mutation]
169046 | D:13     | Gained mutation: Scrolls take you a little longer to read.
                  | [potion of mutation]
169046 | D:13     | Gained mutation: You evolve. [potion of mutation]
169047 | D:13     | Lost mutation: You possess an exceptional clarity of mind.
                  | [potion of mutation]
169047 | D:13     | Lost mutation: Scrolls take you a little longer to read.
                  | [potion of mutation]
169047 | D:13     | Lost mutation: You evolve. [potion of mutation]
169047 | D:13     | Lost mutation: You are weak. (Str -2) [potion of mutation]
169047 | D:13     | Gained mutation: You have a pair of small antennae on your
                  | head. [potion of mutation]
169047 | D:13     | Gained mutation: Scrolls take you a little longer to read.
                  | [potion of mutation]
169047 | D:13     | Gained mutation: You occasionally shout uncontrollably at
                  | your foes. [potion of mutation]
169047 | D:13     | Gained mutation: You possess an exceptional clarity of
                  | mind. [potion of mutation]
169048 | D:13     | Lost mutation: Scrolls take you a little longer to read.
                  | [potion of mutation]
169048 | D:13     | Lost mutation: You occasionally shout uncontrollably at
                  | your foes. [potion of mutation]
169048 | D:13     | Lost mutation: Your system is resistant to poisons. (rPois)
                  | [potion of mutation]
169048 | D:13     | Lost mutation: You possess an exceptional clarity of mind.
                  | [potion of mutation]
169048 | D:13     | Gained mutation: You are partially covered in slimy green
                  | scales. (AC +2) [potion of mutation]
169048 | D:13     | Gained mutation: You are covered in fur. (AC +1) [potion of
                  | mutation]
169048 | D:13     | Gained mutation: You are partially covered in large bone
                  | plates. (SH +4) [potion of mutation]
169048 | D:13     | Gained mutation: Your mind is acute. (Int +2) [potion of
                  | mutation]
169341 | Tomb:1   | Entered Level 1 of the Tomb of the Ancients
169718 | Tomb:1   | Noticed a greater mummy
169737 | Tomb:1   | Killed a greater mummy
169870 | Tomb:1   | Noticed a greater mummy
169877 | Tomb:1   | Killed a greater mummy
169894 | Tomb:1   | Noticed a greater mummy
169978 | Tomb:1   | Killed a greater mummy
170585 | Tomb:1   | Learned a level 2 spell: Shroud of Golubria
170596 | Tomb:2   | Noticed a greater mummy
170599 | Tomb:2   | Noticed a greater mummy
170603 | Tomb:2   | Killed a greater mummy
170616 | Tomb:2   | Noticed an ancient lich
170619 | Tomb:2   | Killed an ancient lich
170630 | Tomb:2   | Noticed a greater mummy
170633 | Tomb:2   | Killed a greater mummy
170636 | Tomb:2   | Killed a greater mummy
171021 | Tomb:2   | Cast into level 5 of the Abyss (the power of Zot)
171021 | Abyss:5  | Entered Level 5 of the Abyss
171055 | Tomb:2   | Escaped the Abyss
171392 | Tomb:1   | Noticed a greater mummy
171395 | Tomb:1   | Killed a greater mummy
171404 | Tomb:1   | Noticed a greater mummy
171412 | Tomb:1   | Killed a greater mummy
171428 | Tomb:1   | Noticed a greater mummy
171434 | Tomb:1   | Killed a greater mummy
171456 | Tomb:1   | Noticed a greater mummy
171461 | Tomb:1   | Killed a greater mummy
171464 | Tomb:1   | Noticed a greater mummy
171464 | Tomb:1   | Noticed a greater mummy
171468 | Tomb:1   | Killed a greater mummy
171473 | Tomb:1   | Killed a greater mummy
171579 | Tomb:1   | Noticed a greater mummy
171584 | Tomb:1   | Killed a greater mummy
171808 | Tomb:1   | Noticed a greater mummy
171812 | Tomb:1   | Killed a greater mummy
171827 | Tomb:1   | Noticed a greater mummy
171837 | Tomb:1   | Killed a greater mummy
172009 | Tomb:1   | Noticed a greater mummy
172022 | Tomb:1   | Killed a greater mummy
172244 | Tomb:1   | Noticed a greater mummy
172247 | Tomb:1   | Killed a greater mummy
172321 | Tomb:1   | Noticed a greater mummy
172323 | Tomb:1   | Killed a greater mummy
172363 | Tomb:1   | Noticed a greater mummy
172371 | Tomb:1   | Killed a greater mummy
172377 | Tomb:1   | Noticed a greater mummy
172385 | Tomb:1   | Killed a greater mummy
172730 | Tomb:1   | Noticed a greater mummy
172738 | Tomb:1   | Killed a greater mummy
172775 | Tomb:1   | Noticed a greater mummy
172782 | Tomb:1   | Killed a greater mummy
172849 | Tomb:1   | Noticed a greater mummy
172858 | Tomb:1   | Killed a greater mummy
173024 | Tomb:1   | Noticed a greater mummy
173028 | Tomb:1   | Noticed a greater mummy
173031 | Tomb:1   | Killed a greater mummy
173033 | Tomb:1   | Killed a greater mummy
173046 | Tomb:1   | Noticed a greater mummy
173049 | Tomb:1   | Killed a greater mummy
173707 | Tomb:3   | Entered Level 3 of the Tomb of the Ancients
173758 | Tomb:3   | Noticed an ancient lich
173759 | Tomb:3   | Killed an ancient lich
173764 | Tomb:3   | Noticed an ancient lich
173766 | Tomb:3   | Killed an ancient lich
173767 | Tomb:3   | Noticed a greater mummy
173781 | Tomb:3   | Killed a greater mummy
173785 | Tomb:3   | Noticed a greater mummy
173787 | Tomb:3   | Killed a greater mummy
173790 | Tomb:3   | Noticed a greater mummy
173790 | Tomb:3   | Noticed a greater mummy
173796 | Tomb:3   | Killed a greater mummy
174094 | Tomb:3   | Noticed a greater mummy
174100 | Tomb:3   | Noticed a greater mummy
174104 | Tomb:3   | Killed a greater mummy
174119 | Tomb:3   | Killed a greater mummy
174124 | Tomb:3   | Noticed an ancient lich
174131 | Tomb:3   | Killed an ancient lich
174134 | Tomb:3   | Killed a greater mummy
174309 | Tomb:3   | Got a slimy silver amulet
174310 | Tomb:3   | Identified the amulet of Feohud {Faith *Slow rF++ rC-
                  | Stlth+} (You found it on level 3 of the Tomb of the
                  | Ancients)
174392 | Tomb:3   | Got a golden rune of Zot
174485 | Tomb:3   | Found the +8 demon blade "Bloodbane" {slice, *Rage +Rage
                  | Stlth-}
174614 | Tomb:3   | Got a vibrating glass ring
174615 | Tomb:3   | Identified the cursed ring "Zinoo" {*Corrode Str-3 Int+3
                  | Slay+3} (You found it on level 3 of the Tomb of the
                  | Ancients)
174620 | Tomb:3   | Identified the +4 chain mail "Jinwol" {rN+ Int-3 SInv} (You
                  | found it on level 3 of the Tomb of the Ancients)
174625 | Tomb:3   | Got a flickering jade ring
174626 | Tomb:3   | Identified the ring of Autumn {*Tele rC+ Dex+5} (You found
                  | it on level 3 of the Tomb of the Ancients)
175401 | Shoals:4 | Bought a paperback book for 495 gold pieces
176019 | Zot:5    | Killed an orb of fire
176022 | Zot:5    | Killed an ancient lich
176187 | Zot:5    | Noticed an ancient lich
176238 | Zot:5    | Noticed an ancient lich
176489 | Zot:5    | Killed an ancient lich
176500 | Zot:5    | Killed an ancient lich
176519 | Zot:5    | Noticed an ancient lich
176523 | Zot:5    | Killed an ancient lich
176678 | Zot:5    | Noticed an ancient lich
176682 | Zot:5    | Noticed an ancient lich
176685 | Zot:5    | Killed an ancient lich
176686 | Zot:5    | Killed an ancient lich
176686 | Zot:5    | Noticed an ancient lich
176692 | Zot:5    | Killed an ancient lich
176722 | Zot:5    | Noticed an ancient lich
176729 | Zot:5    | Killed an ancient lich
176730 | Zot:5    | Noticed an ancient lich
176733 | Zot:5    | Killed an ancient lich
177173 | Zot:5    | Got the Orb of Zot
177411 | Depths:3 | Noticed Piaps the pandemonium lord
177814 | D:1      | 1ST CBRO2 GAME SINCE CAO LAG
177814 | D:1      | SPEAKERS STATIC NOISE AND HERB SLOWING SERVER TIME RECENTLY
177824 | D:1      | OKRA GIFTS SLOW AND NO BARDING AS FAR AS LAIR RUNES THEN
                  | OKRA GIFTS SNIPER IN SNAKE 4
177824 | D:1      | GREAT RUN AND GOOD TO WIN AGAIN!!! :D
177828 | D:1      | Noticed Reys the pandemonium lord
177834 | D:$      | Escaped with the Orb!

Levels and vault maps discovered:
D:1:      scummos_arrival_simple_fountains, layout_loops_ring,
          minmay_misc_feat_hallway
D:2:      layout_loops_cross, first_ration
D:3:      layout_rooms, minivault_19, minmay_statues_item,
          guppyfry_early_lair_pool, uniq_crazy_yiuf_cottage
D:4:      layout_basic, serial_shops, shop, uniq_eustachio
D:5:      mumra_celtic_spiral_tile, layout_basic, hangedman_decor_opposing,
          due_unseen_surprise
D:6:      layout_basic, minmay_temple_entry_overgrown
D:7:      layout_layer_cave, hangedman_decor_growths, lemuel_centaur_altar,
          uniq_joseph
D:8:      layout_loops_ring, marbit_many_paths, dpeg_lair_monsters,
          serial_shops, shop, shop_fountains, kennysheep_mini, shop,
          nicolae_shop_trees, grunt_ogre_cave, uniq_maurice, uniq_gastronok
D:9:      layout_layer_cave, david_orc_1_choice, serial_shops, shop,
          minmay_sticks_and_stones
D:10:     layout_gridville, special_room [special_room_orc], patterned_corridor
D:11:     layout_gridville
D:12:     layout_basic
D:13:     layout_cave_pools, david_vaults_1, basic_altar,
          nicolae_trove_entry_crystal
D:14:     cheibrodos_shockbox, layout_irregular_city, kennysheep_big_empty_room,
          ebering_ghost_xom, nicolae_transmutations_shop, wad_rectangle_vault,
          uniq_jorgrun
D:15:     gammafunk_depths_entry_grave, layout_basic, serial_shops, shop,
          lemuel_altar_in_water
Temple:   grunt_wide_crystal_templ
Lair:1:   layout_layer_cave, special_room [special_room_bee],
          infiniplex_staircase_pool_2, uniq_erica, uniq_sonja
Lair:2:   layout_cave_pods, elwin_shoals_entry_stream,
          grunt_forest_large_clearings
Lair:3:   layout_layer_cave
Lair:4:   layout_long_grid, guppyfry_snake_entry_island
Lair:5:   layout_cave_pods, minmay_slime_entry_pillars,
          chequers_serial_rivers_large_b
Lair:6:   hangedman_lair_tendril_chambers, layout_layer_cave, fungi_pond_lemuel,
          infiniplex_staircase_pool, lemuel_fruit_fields
Shoals:1: layout_shoals, nicolae_shoals_this_corrosion
Shoals:2: layout_shoals, serial_shops, shop, shop_statue,
          hangedman_shoal_volcano
Shoals:3: layout_shoals, serial_shops, shop, nicolae_shop_behind_doors,
          uniq_donald
Shoals:4: shoals_end_grunt_ice, layout_shoals, serial_shops,
          nicolae_shop_behind_doors, nicolae_shop_statue_plus, shop, shop,
          uniq_bai_suzhen
Snake:1:  layout_misc_corridors, serial_shops, nicolae_shop_statue_plus,
          basic_altar, minmay_shop_grove
Snake:2:  layout_rooms, uniq_vashnia, uniq_frances, uniq_aizul
Snake:3:  layout_honeycomb
Snake:4:  snake_pit, layout_onion_interference, drop_trap
Slime:1:  layout_caves
Slime:2:  cheibrodos_slime_lost_civilization_10, layout_caves
Slime:3:  layout_caves
Slime:4:  layout_caves
Slime:5
Orc:1:    layout_diamond_mine, basic_altar, okawaru_metal_pillars_1_2,
          uniq_urug, uniq_nergalle, uniq_harold, uniq_erolcha
Orc:2:    st_orc_open, layout_caves
Elf:1:    minmay_elf_arrival_circle, layout_loops_cross,
          kennysheep_underground_church, hangedman_elf_targetted_burst,
          uniq_kirke
Elf:2:    layout_loops_corners
Elf:3:    minmay_elf_hall_dome, layout_geoelf_octagon, serial_shops, shop,
          grunt_megastairs_5
Vaults:1: v_pattern_4, v_misc_5, v_rooms_3, vaults_room_boxed,
          nicolae_vaults_triangles, ontoclasm_vaults_idyll,
          vaults_dpeg_encased_lava, layout_vaults_quadrants
Vaults:2: vaults_room_octagon, ontoclasm_vaults_ring_small,
          nicolae_vaults_ring_of_whatevers, v_misc_19, v_misc_24,
          minmay_crypt_entry_necro_gods, v_misc_22, nicolae_vaults_alarming,
          dpeg_vaults_monster_box, v_misc_25, hangedman_vaults_locks,
          layout_vaults_omnicross
Vaults:3: ontoclasm_vaults_ring_large, v_misc_1, v_pattern_1, v_alt_pattern_6,
          v_misc_8, vaults_mumra_lcd, nicolae_vaults_network_periphery,
          nicolae_vaults_circle_grid_a, nicolae_vaults_three_branches,
          nicolae_vaults_holding_cells, layout_vaults_chaotic_city
Vaults:4: hangedman_vaults_river_flow, v_alt_pattern_6,
          hangedman_vaults_restitches, nicolae_vaults_network_star,
          hangedman_vaults_stream, hangedman_vaults_nodes,
          grunt_vaults_hallway_long, vaults_dpeg_hooks,
          ontoclasm_vaults_shuriken, nicolae_vaults_circle_grid_b, v_misc_17,
          grunt_vaults_diagonal, vaults_room_hallway, ontoclasm_vaults_pinch,
          layout_vaults_maze, portal_desolation_entry_salt, uniq_saint_roka
Vaults:5: serial_shops, uniq_xtahua
Crypt:1:  layout_basic, roderic_lattice_octagonal_star,
          grunt_crypt_arrival_webbed
Crypt:2:  layout_basic
Crypt:3:  lightli_unholy_cathedral, layout_chaotic_city,
          nicolae_tomb_entry_grand_gallery
Tomb:1
Tomb:2
Tomb:3
Depths:1: layout_basic, enter_ziggurat_b, hell_entry, minmay_room_of_horrors,
          kennysheep_minor_cross, chequers_big_river, serial_bayou_ford_a,
          serial_bayou_crossing
Depths:2: evilmike_inaccessible_box, layout_cave_shapes, grunt_pan_entry_zigzag,
          corexii_leaking_fountain, abyss_entry_flame_altar, hell_entry,
          guppyfry_shop_earth
Depths:3: minmay_box_of_curves, layout_cave_pools, abyss_entry_crystal,
          pf_vacation_house_of_asmodeus, pan_entry,
          infiniplex_staircase_zigzag_2
Depths:4: box_level_dp, abyss_entry, hell_entry, uniq_enchantress
Depths:5: evilmike_zot_entry_basic, layout_gridville, pf_hell_entry_tar_river,
          roderic_lattice_a, abyss_entry_small_statue_room, grunt_megastairs_1
Hell
Dis:1:    layout_regular_city
Dis:2:    layout_subdivisions
Dis:4:    layout_gridville, nrook_loot_triangle
Dis:5:    lemuel_dis_dragons, layout_regular_city, grunt_megastairs_2
Dis:6:    layout_gridville, hangedman_dis_chains,
          hangedman_dis_decor_blocks_crown
Dis:7:    dis_st
Geh:1:    layout_gehenna_pools_basic
Geh:2:    layout_gehenna_lava_caves
Geh:3:    layout_gehenna_pools_triple, minmay_fire_ice_demons
Geh:4:    layout_gehenna_pools_basic
Geh:5:    layout_gehenna_lava_caves
Geh:6:    layout_gehenna_lava_caves
Geh:7:    geh_old
Coc:1:    layout_cocytus_water_paths
Coc:2:    layout_ice_bergs
Coc:3:    layout_ice_bergs
Coc:4:    layout_ice_bergs
Coc:5:    layout_ice_bergs
Coc:6:    layout_ice_bergs
Coc:7:    coc_old
Tar:1:    layout_grid_maze
Tar:2:    layout_catacombs
Tar:3:    layout_grid_maze, hangedman_snap_crack_crunch
Tar:4:    layout_catacombs, grunt_megastairs_3
Tar:5:    layout_honeycomb
Tar:6:    layout_honeycomb
Tar:7:    tar_mu [tar_mu_maze]
Zot:1:    layout_basic, uniq_tiamat
Zot:2:    lemuel_acid_trip, layout_onion_interference
Zot:3:    gammafunk_mikee_crab_dinner, layout_gridlike, st_stairs_13,
          grunt_ministairs_7, st_large_dragon_hoard_4
Zot:4:    layout_misc_corridors
Zot:5:    layout_cathedral_of_symmetry

Skill      XL: |  1  2  3  4  5  6  7  8  9 10 11 12 13 14 15 16 17 18 19 20 21 22 23 24 25 26 27 |
---------------+----------------------------------------------------------------------------------+-----
Crossbows      | 5 6 7 8 9 10 11 12 13 14 15 17 18 19 20 21 22 23 26 | 26.9
Axes           | 1 2 3 5 6 7 8 9 11 12 13 14 15 16 17 18 19 26 | 26.8
Fighting       | 3 4 5 6 7 8 9 10 11 12 14 15 16 17 18 19 20 26 | 26.8
Armour         | 1 2 4 5 7 8 9 10 11 23 | 23.3
Invocations    | 2 5 7 9 10 26 | 26.9
Dodging        | 2 3 4 6 8 10 19 | 19.6
Evocations     | 3 4 8 |  8.0
Spellcasting   | 1 4 5 7 9 10 14 | 14.9
Hexes          | 1 5 8 9 10 11 | 11.5
Summonings     | 1 2 6 9 10 14 | 14.2
Translocations | 1 5 7 |  7.7
Air Magic      | 4 7 10 | 10.0
Stealth        | |  0.4

Action                   |  1- 3 |  4- 6 |  7- 9 | 10-12 | 13-15 | 16-18 | 19-21 | 22-24 | 25-27 || total
-------------------------+-------+-------+-------+-------+-------+-------+-------+-------+-------++-------
Melee: Dagger            |    26 |       |    28 |       |       |       |       |       |       ||    54
       Kick              |    18 |     6 |    84 |   174 |    18 |    20 |    27 |    38 |  1065 ||  1450
       Whip              |    56 |    29 |   247 |   608 |     8 |       |       |       |       ||   948
       Hand axe          |       |       |     1 |    77 |    11 |       |       |       |       ||    89
       Punch             |       |       |     1 |     2 |       |       |       |       |       ||     3
       Broad axe         |       |       |       |       |    26 |    26 |       |       |       ||    52
       Arbalest          |       |       |       |       |     2 |       |       |       |       ||     2
       Battleaxe         |       |       |       |       |       |    32 |    64 |    70 |   227 ||   393
       Executioner's axe |       |       |       |       |       |       |       |       |  2195 ||  2195
       Headbutt          |       |       |       |       |       |       |       |       |    31 ||    31
 Fire: Hand crossbow     |    31 |    44 |   187 |   518 |       |       |       |       |       ||   780
       Arbalest          |       |       |       |    37 |  1187 |   332 |    83 |   469 |   517 ||  2625
       Heavy crossbow    |       |       |       |       |       |   283 |   942 |   725 |  1519 ||  3469
       Triple crossbow   |       |       |       |       |       |       |     2 |       |  2626 ||  2628
Throw: Stone             |    37 |     3 |    86 |    16 |       |       |       |       |       ||   142
       Dart              |       |       |       |    16 |     5 |       |       |       |     3 ||    24
       Boomerang         |       |       |       |    14 |       |       |       |       |       ||    14
       Throwing net      |       |       |       |       |     2 |       |       |     2 |     4 ||     8
 Cast: Apportation       |       |       |       |       |       |       |    45 |    38 |   324 ||   407
       Portal Projectile |       |       |       |       |       |       |     6 |     1 |   111 ||   118
       Summon Butterflie |       |       |       |       |       |       |     1 |     3 |    30 ||    34
       Cause Fear        |       |       |       |       |       |       |       |     7 |       ||     7
       Confuse           |       |       |       |       |       |       |       |     7 |    15 ||    22
       Blink             |       |       |       |       |       |       |       |     9 |    74 ||    83
       Summon Lightning  |       |       |       |       |       |       |       |       |    20 ||    20
       Shroud of Golubri |       |       |       |       |       |       |       |       |     4 ||     4
       Tukima's Dance    |       |       |       |       |       |       |       |       |     3 ||     3
Invok: Heroism           |       |       |     1 |    11 |    15 |    18 |    26 |    12 |    27 ||   110
       Finesse           |       |       |       |     1 |     6 |    13 |    14 |     5 |    12 ||    51
       Cleansing Flame   |       |       |       |       |       |       |       |       |    83 ||    83
       Summon Divine War |       |       |       |       |       |       |       |       |    53 ||    53
       Divine Shield     |       |       |       |       |       |       |       |       |    36 ||    36
       Donate Gold       |       |       |       |       |       |       |       |       |     1 ||     1
       Brand Weapon With |       |       |       |       |       |       |       |       |     1 ||     1
 Abil: Evoke Invisibilit |       |       |       |       |     9 |     5 |    21 |    10 |     8 ||    53
       Cancel Portal Pro |       |       |       |       |       |       |       |       |     3 ||     3
Evoke: Wand              |       |       |       |     6 |    10 |     7 |     4 |    11 |    17 ||    55
       Lightning rod     |       |       |       |     1 |     2 |       |       |       |       ||     3
       Lamp of fire      |       |       |       |       |       |       |     2 |     1 |       ||     3
  Use: Potion            |     1 |       |       |     2 |       |     5 |    14 |     4 |    53 ||    79
       Scroll            |       |     3 |     5 |    13 |    25 |     5 |    19 |    14 |    90 ||   174
 Stab: Paralysed         |       |       |       |       |       |     3 |       |     2 |       ||     5
       Invisible         |       |       |       |       |       |     1 |     2 |    10 |     6 ||    19
  Eat: Chunk             |     3 |     3 |    15 |    31 |    34 |    15 |    39 |    29 |    55 ||   224
       Ration            |       |       |     1 |     3 |     6 |     3 |     8 |    10 |    53 ||    84
Armor: Leather armour    |    31 |     9 |       |       |       |       |       |       |       ||    40
       Skin              |    25 |       |       |       |       |       |       |       |       ||    25
       Scale mail        |       |     7 |    58 |       |       |       |       |       |   723 ||   788
       Ring mail         |       |       |    87 |   207 |    24 |       |    28 |       |       ||   346
       Chain mail        |       |       |       |   325 |   283 |   255 |   298 |   296 |       ||  1457
       Crystal plate arm |       |       |       |       |       |       |       |   216 |   553 ||   769
       Gold dragon scale |       |       |       |       |       |       |       |       |  2233 ||  2233
       Acid dragon scale |       |       |       |       |       |       |       |       |   157 ||   157
Dodge: Dodged            |    36 |    13 |   118 |   333 |   194 |   164 |   338 |   251 |  2129 ||  3576
Block: Other             |       |       |       |       |    37 |    27 |    69 |       |   320 ||   453
       Reflection        |       |       |       |       |     4 |     1 |    13 |       |       ||    18
